Workbook
Name a: #REF!
Name abx: [1]Tabelle!$K$14:$K$17
Name complessità_processo: #REF!
Name controlli: #REF!
Name discrezionalità: #REF!
Name frazio: #REF!
Name frazionabilità_processo: #REF!
Name impatto_economico: #REF!
Name impatto_org_ec_imm: #REF!
Name impatto_organizzativo: #REF!
Name impatto_reputazionale: #REF!
Name indice: [1]Tabelle!$K$14:$L$17
Name indice_complessita: #REF!
Name indice_controlli: #REF!
Name indice_discrezionalita: #REF!
Name indice_frazionabilita: #REF!
Name indice_impatto_economico: #REF!
Name indice_impatto_org_ec_imm: #REF!
Name indice_impatto_organizzativo: #REF!
Name indice_impatto_reputazionale: #REF!
Name indice_rilevanza: #REF!
Name indice_valore: #REF!
Name pippo: [1]Tabelle!$K$19:$L$22
Name rilevanza_esterna: #REF!
Name si: #REF!
Name valore_economico: #REF!

Sheet amias
L1: 0.4 | M1: 0.2 | N1: 0.2 | O1: 0.2 | P1: 0 | R1: 0.5 | S1: 0.5
A2: ALLEGATO 1 - MAPPATURA E VALUTAZIONE AREE DI RISCHIO | AI2: AZIONI PER AFFRONTARE RISCHI/OPPORTUNITA' E OBIETTIVI PER LA PREVENZIONE DELLA CORRUZIONE | AT2: MONITORAGGIO
A3: AREA | B3: PROCESSO | C3: ATTIVITA' | D3: ESEMPIO CONDOTTA ILLECITA | E3: NOTE | F3: TITOLARITA'/COINVOLGIMENTO: (AU) Amministratore Unico; (ORC) Organi di revisione e controllo; (RT/RA) ResponsabileTecnico/Amministrativo; (D) Dipendenti; (CE) consulenti esterni; RUP; DEC, (Comm) Commissione | G3: Stakeholder / soggetti controinteressati (diversi da quelli coinvolti) | H3: La controparte rappresenta un socio in affari? (SI/NO) | I3: Rischio del socio in affari (B / > B) | J3: Interazioni con Pubblici Ufficiali / Incaricati di pubblico servizio esterni (SI/NO) | K3: 37001 (SI/NO) | L3: Potenziale incidenza economica del processo | M3: Obblighi legislativ i/contrattuali / da atti approvati | N3: Luoghi e settori in cui opera | O3: Manifestazione di illeciti in passato nel processo sensibile | P3: Interazione con soci in affari | Q3: PROBABILITA' | R3: Conseguenti disfunzioni organizzative e gestionali | S3: Danno reputazionale | T3: IMPATTO | U3: RISCHIO LORDO | V3: RATING RISCHIO LORDO | W3: Procedura | X3: Regolamenti | Y3: Presenza NC / raccomandazioni / segnalazioni (inserire il riferimento interno) | Z3: Valutazione dei presidi in uso (0-10) | AA3: Normalizzazione controllo preventivo in uso (NC, raccomandazioni, segnalazioni) | AB3: Obblighi pubblicazione trasparenza amministrativa D. Lgs. 33/2013 | AC3: Altro | AD3: Valutazione finale dei presidi in uso | AE3: RISCHIO RESIDUO | AF3: RATING RISCHIO RESIDUO | AG3: Rischio residuo nella versione precedente del risk assessment | AH3: Rating rischio nella versione precedente del risk assessment | AI3: Ulteriori rischi/opportunità | AJ3: Descrizione rischi/opportunità | AK3: Descrizione obiettivo di riduzione del rischio / azioni da attuare | AL3: Azioni da attuare | AM3: Risorse necessarie | AN3: Responsabili dell'attuazione | AO3: Tempistica di attuazione | AP3: Indicatore di monitoraggio | AQ3: Tempistica di monitoraggio | AR3: Responsabile monitoraggio | AS3: Data realizzazione azione e obiettivo | AT3: Indicatore di monitoraggio | AU3: Tempistica di monitoraggio | AV3: Responsabile monitoraggio | AW3: NOTE
A4: I | B4: Programmazione del personale | C4: Programmazione del fabbisogno di nuove assunzioni | D4: Mancata elaborazione del programma di assunzioni per gli anni successivi | E4: AMIAS al momento non necessita di nuove risorse di personale | F4: AU RT RA | G4: Candidati | H4: NO | I4: NO | J4: NO | K4: SI | L4: 1 | M4: 3 | N4: 3 | O4: 1 | P4: 1 | Q4: =(L4*L$1)+(M4*M$1)+(N4*N$1)+(O4*O$1)+(P4*P$1) -> 1.8 | R4: 1 | S4: 1 | T4: =(R4*$R$1)+(S4*$S$1) -> 1 | U4: =Q4*T4 -> 1.8 | V4: =IF(U4="","",IF(U4>16,"A",IF(U4>5,"M",IF(U4>2,"B","R")))) -> R | Y4: / | Z4: 5 | AA4: 0 | AD4: 1 | AE4: =IF(U4-AD4>0.1,U4-AD4,IF(U4-AD4<=0.1,0.1)) -> 0.8 | AF4: =IF(AE4="","",IF(AE4>16,"A",IF(AE4>5,"M",IF(AE4>2,"B","R")))) -> R | AG4: / | AH4: / | AI4: / | AJ4: / | AK4: Rafforzare la specifica programmazione del fabbisogno di personale all'interno degli strumenti di programmazione economico - finanziaria di CDN | AL4: Incrementare l'organico aziendale, tramite selezioni interne, esterne ovvero mobilità infraCDN, in particolare nelle seguenti aree aziendali: XXXXXXXXX | AN4: Direttore Generale di CDN | AO4: Entro il 31/12/2023 e così di seguito | AP4: Presenza all'interno degli strumenti di programmazione economico - finanziaria di CDN | AQ4: =+AO4 -> Entro il 31/12/2023 e così di seguito | AR4: RPCT | AS4: / | AT4: N. di selezioni esterne effettuate | AU4: Semestrale | AV4: Responsabile risorse umane
A5: I | B5: Selezione del personale | C5: Costruzione dell'avviso di selezione | D5: Previsione di requisiti di partecipazione e / o prove di selezione volti a favorire determinati candidati o a penalizzarne altri | E5: =+E4 -> AMIAS al momento non necessita di nuove risorse di personale | F5: AU RT RA CE | G5: =+G4 -> Candidati | J5: NO | L5: 3 | M5: 3 | N5: 3 | O5: 1 | Q5: =(L5*L$1)+(M5*M$1)+(N5*N$1)+(O5*O$1)+(P5*P$1) -> 2.6 | R5: 3 | S5: 3 | T5: =(R5*$R$1)+(S5*$S$1) -> 3 | U5: =Q5*T5 -> 7.8 | V5: =IF(U5="","",IF(U5>16,"A",IF(U5>5,"M",IF(U5>2,"B","R")))) -> M | AB5: X | AD5: 3 | AE5: =IF(U5-AD5>0.1,U5-AD5,IF(U5-AD5<=0.1,0.1)) -> 4.8 | AF5: =IF(AE5="","",IF(AE5>16,"A",IF(AE5>5,"M",IF(AE5>2,"B","R")))) -> B
A6: I | B6: =+B5 -> Selezione del personale | C6: Nomina del RUP della selezione | D6: Nomina di RUP compiacente o relativo condizionamento | E6: =+E5 -> AMIAS al momento non necessita di nuove risorse di personale | F6: AU RUP | G6: =+G5 -> Candidati | J6: NO | L6: 3 | M6: 1 | N6: 3 | O6: 1 | Q6: =(L6*L$1)+(M6*M$1)+(N6*N$1)+(O6*O$1)+(P6*P$1) -> 2.2 | R6: 3 | S6: 3 | T6: =(R6*$R$1)+(S6*$S$1) -> 3 | U6: =Q6*T6 -> 6.6 | V6: =IF(U6="","",IF(U6>16,"A",IF(U6>5,"M",IF(U6>2,"B","R")))) -> M | AB6: X | AD6: 3 | AE6: =IF(U6-AD6>0.1,U6-AD6,IF(U6-AD6<=0.1,0.1)) -> 3.6 | AF6: =IF(AE6="","",IF(AE6>16,"A",IF(AE6>5,"M",IF(AE6>2,"B","R")))) -> B
A7: I | B7: Selezione del personale | C7: Verifica dell'integrità e della completezza della documentazione presentata dai candidati | D7: Distorta verifica a vantaggio o a svantaggio di determinati candidati | E7: =+E6 -> AMIAS al momento non necessita di nuove risorse di personale | F7: Comm | G7: =+G5 -> Candidati | J7: NO | L7: 3 | M7: 3 | N7: 3 | O7: 1 | Q7: =(L7*L$1)+(M7*M$1)+(N7*N$1)+(O7*O$1)+(P7*P$1) -> 2.6 | R7: 3 | S7: 3 | T7: =(R7*$R$1)+(S7*$S$1) -> 3 | U7: =Q7*T7 -> 7.8 | V7: =IF(U7="","",IF(U7>16,"A",IF(U7>5,"M",IF(U7>2,"B","R")))) -> M | X7: =+X4 | AB7: =+AB5 -> X | AC7: Esercizio del controllo esterno da parte dei candidati | AD7: 4 | AE7: =IF(U7-AD7>0.1,U7-AD7,IF(U7-AD7<=0.1,0.1)) -> 3.8 | AF7: =IF(AE7="","",IF(AE7>16,"A",IF(AE7>5,"M",IF(AE7>2,"B","R")))) -> B
A8: I | B8: Selezione del personale | C8: Nomina Commissione Esaminatrice | D8: - Condizionamento su Commissari, da parte della Società, ai fini di favorire determinati candidati e / o alterare la procedura di selezione - Nomina, in commissione, di un soggetto in conflitto di interessi in rapporto ad un candidato, al fine di agevolarlo indebitamente nell'assunzione | E8: =+E7 -> AMIAS al momento non necessita di nuove risorse di personale | F8: AU Comm | G8: =+G7 -> Candidati | H8: NO | I8: NO | J8: NO | K8: SI | L8: 3 | M8: 3 | N8: 3 | O8: 1 | P8: 1 | Q8: =(L8*L$1)+(M8*M$1)+(N8*N$1)+(O8*O$1)+(P8*P$1) -> 2.6 | R8: 3 | S8: 3 | T8: =(R8*$R$1)+(S8*$S$1) -> 3 | U8: =Q8*T8 -> 7.8 | V8: =IF(U8="","",IF(U8>16,"A",IF(U8>5,"M",IF(U8>2,"B","R")))) -> M | Y8: / | Z8: 8 | AA8: 0 | AB8: X | AC8: Obbligo autodichiarazione Commissari (art 35 DLgs 165 / 2001) | AD8: 5 | AE8: =IF(U8-AD8>0.1,U8-AD8,IF(U8-AD8<=0.1,0.1)) -> 2.8 | AF8: =IF(AE8="","",IF(AE8>16,"A",IF(AE8>5,"M",IF(AE8>2,"B","R")))) -> B | AG8: / | AH8: / | AI8: / | AJ8: / | AK8: Verifica da parte del RPCT in corso di selezione | AL8: / | AM8: / | AN8: RPCT | AO8: Dalla prossima selezione pubblica | AP8: / | AQ8: Dalla prossima selezione pubblica | AR8: / | AS8: / | AT8: N. di casi di conflitto di interesse o incompatibilità emerse in occasione della nomina di commissari per selezione del personale | AU8: Semestrale | AV8: Responsabile risorse umane
A9: I | B9: Selezione del personale | C9: Valutazione delle prove dei candidati | D9: Assegnazione ai candidati di un giudizio e di un punteggio manipolati, al fine di agevolare l'assunzione di un determinato soggetto | E9: =+E8 -> AMIAS al momento non necessita di nuove risorse di personale | F9: Comm | G9: =+G8 -> Candidati | H9: NO | I9: NO | J9: NO | K9: SI | L9: 3 | M9: 3 | N9: 3 | O9: 1 | P9: 1 | Q9: =(L9*L$1)+(M9*M$1)+(N9*N$1)+(O9*O$1)+(P9*P$1) -> 2.6 | R9: 3 | S9: 3 | T9: =(R9*$R$1)+(S9*$S$1) -> 3 | U9: =Q9*T9 -> 7.8 | V9: =IF(U9="","",IF(U9>16,"A",IF(U9>5,"M",IF(U9>2,"B","R")))) -> M | Y9: / | Z9: 9 | AA9: 0 | AB9: X | AC9: =+AC7 -> Esercizio del controllo esterno da parte dei candidati | AD9: 4 | AE9: =IF(U9-AD9>0.1,U9-AD9,IF(U9-AD9<=0.1,0.1)) -> 3.8 | AF9: =IF(AE9="","",IF(AE9>16,"A",IF(AE9>5,"M",IF(AE9>2,"B","R")))) -> B | AG9: / | AH9: / | AI9: / | AJ9: / | AK9: Verifica da parte del RPCT in corso di selezione | AL9: / | AM9: / | AN9: RPCT | AO9: Dalla prossima selezione pubblica | AP9: / | AQ9: Dalla prossima selezione pubblica | AR9: / | AS9: /
A10: I | B10: Selezione del personale | C10: Approvazione della graduatoria | D10: Approvazione della graduatoria manipolata | E10: =+E9 -> AMIAS al momento non necessita di nuove risorse di personale | F10: AU | G10: =+G9 -> Candidati | J10: =+J9 -> NO | L10: 3 | M10: 3 | N10: 3 | O10: 1 | Q10: =(L10*L$1)+(M10*M$1)+(N10*N$1)+(O10*O$1)+(P10*P$1) -> 2.6 | R10: 3 | S10: 3 | T10: =(R10*$R$1)+(S10*$S$1) -> 3 | U10: =Q10*T10 -> 7.8 | V10: =IF(U10="","",IF(U10>16,"A",IF(U10>5,"M",IF(U10>2,"B","R")))) -> M | AB10: X | AC10: =+AC7 -> Esercizio del controllo esterno da parte dei candidati | AD10: 4 | AE10: =IF(U10-AD10>0.1,U10-AD10,IF(U10-AD10<=0.1,0.1)) -> 3.8 | AF10: =IF(AE10="","",IF(AE10>16,"A",IF(AE10>5,"M",IF(AE10>2,"B","R")))) -> B
A11: I | B11: Selezione del personale | C11: Verifica dei requisiti degli aggiudicatari della selezione | D11: Distorta verifica a vantaggio / svantaggio di determinati candidati | E11: =+E10 -> AMIAS al momento non necessita di nuove risorse di personale | F11: RUP | G11: =+G10 -> Candidati | J11: =+J10 -> NO | L11: 3 | M11: 3 | N11: 3 | O11: 1 | Q11: =(L11*L$1)+(M11*M$1)+(N11*N$1)+(O11*O$1)+(P11*P$1) -> 2.6 | R11: 3 | S11: 3 | T11: =(R11*$R$1)+(S11*$S$1) -> 3 | U11: =Q11*T11 -> 7.8 | V11: =IF(U11="","",IF(U11>16,"A",IF(U11>5,"M",IF(U11>2,"B","R")))) -> M | AB11: X | AC11: =+AC10 -> Esercizio del controllo esterno da parte dei candidati | AD11: 4 | AE11: =IF(U11-AD11>0.1,U11-AD11,IF(U11-AD11<=0.1,0.1)) -> 3.8 | AF11: =IF(AE11="","",IF(AE11>16,"A",IF(AE11>5,"M",IF(AE11>2,"B","R")))) -> B
A12: I | B12: Selezione del personale | C12: Stipula del contratto di lavoro | D12: Determinazione di retribuzione sovradimensionata rispetto alla mansione ed al tempo di lavoro (personale assumendo, o già assunto e per cui si procede in tempi immediatamente successivi cambio di mansione) | E12: =+E11 -> AMIAS al momento non necessita di nuove risorse di personale | F12: AU CE | G12: =+G11 -> Candidati | H12: NO | I12: NO | J12: NO | K12: SI | L12: 3 | M12: 3 | N12: 3 | O12: 1 | P12: 1 | Q12: =(L12*L$1)+(M12*M$1)+(N12*N$1)+(O12*O$1)+(P12*P$1) -> 2.6 | R12: 3 | S12: 3 | T12: =(R12*$R$1)+(S12*$S$1) -> 3 | U12: =Q12*T12 -> 7.8 | V12: =IF(U12="","",IF(U12>16,"A",IF(U12>5,"M",IF(U12>2,"B","R")))) -> M | X12: =+X9 | Y12: / | Z12: 9 | AA12: 0 | AC12: =+AC11 -> Esercizio del controllo esterno da parte dei candidati | AD12: 3 | AE12: =IF(U12-AD12>0.1,U12-AD12,IF(U12-AD12<=0.1,0.1)) -> 4.8 | AF12: =IF(AE12="","",IF(AE12>16,"A",IF(AE12>5,"M",IF(AE12>2,"B","R")))) -> B | AG12: / | AH12: / | AI12: / | AJ12: / | AK12: Verifica da parte del RPCT, prima dell'approvazione dell'avviso, che quest'ultimo riporti la remunerazione e che questa sia coerente con la mansione ed i valori da CCNL | AL12: / | AM12: / | AN12: =+AN9 -> RPCT | AO12: =+AO9 -> Dalla prossima selezione pubblica | AP12: / | AQ12: / | AR12: / | AS12: / | AT12: N. di assunzioni a tempo determinato e indeterminato | AU12: Semestrale | AV12: Responsabile risorse umane
A13: I | B13: Gestione del personale | C13: Gestione dei turni e / o delle reperibilità | D13: Definizione volta a favorire determinati dipendenti o sfavorirne altri | F13: AU RT | G13: Dipendenti | J13: NO | L13: 1 | M13: 3 | N13: 3 | O13: 1 | Q13: =(L13*L$1)+(M13*M$1)+(N13*N$1)+(O13*O$1)+(P13*P$1) -> 1.8 | R13: 2 | S13: 1 | T13: =(R13*$R$1)+(S13*$S$1) -> 1.5 | U13: =Q13*T13 -> 2.7 | V13: =IF(U13="","",IF(U13>16,"A",IF(U13>5,"M",IF(U13>2,"B","R")))) -> B | W13: Accordo sindacale / CCNL | AC13: Esercizio del controllo esterno da parte dei lavoratori | AD13: 2 | AE13: =IF(U13-AD13>0.1,U13-AD13,IF(U13-AD13<=0.1,0.1)) -> 0.7 | AF13: =IF(AE13="","",IF(AE13>16,"A",IF(AE13>5,"M",IF(AE13>2,"B","R")))) -> R
A14: I | B14: Gestione del personale | C14: Gestione presenze e permanenza sul luogo di lavoro | D14: - Accordi al fine di agevolare un determinato dipendente e far risultare la presenza di un soggetto sul posto di lavoro nonostante non sia presente - Accordi al fine di non riscontrare, per un determinato soggetto, il superamento delle assenze per ferie e/o malattia - Comportamenti impropri di un dipendente che formalizza la propria presenza sul posto di lavoro nonostante non sia presente | F14: D RA RT AU | G14: =+G13 -> Dipendenti | H14: NO | I14: NO | J14: NO | K14: SI | L14: 3 | M14: 3 | N14: 3 | O14: 1 | P14: 1 | Q14: =(L14*L$1)+(M14*M$1)+(N14*N$1)+(O14*O$1)+(P14*P$1) -> 2.6 | R14: 4 | S14: 5 | T14: =(R14*$R$1)+(S14*$S$1) -> 4.5 | U14: =Q14*T14 -> 11.7 | V14: =IF(U14="","",IF(U14>16,"A",IF(U14>5,"M",IF(U14>2,"B","R")))) -> M | W14: Timbratura | Y14: / | Z14: 6 | AA14: 0 | AB14: X | AC14: Controllo interno | AD14: 6 | AE14: =IF(U14-AD14>0.1,U14-AD14,IF(U14-AD14<=0.1,0.1)) -> 5.7 | AF14: =IF(AE14="","",IF(AE14>16,"A",IF(AE14>5,"M",IF(AE14>2,"B","R")))) -> M | AG14: / | AH14: / | AI14: / | AJ14: / | AK14: Vrerifiche a campione da parte del RPCT | AL14: / | AM14: / | AN14: / | AO14: / | AP14: / | AQ14: / | AR14: / | AS14: / | AT14: N. di situazioni anomale riscontrate nella rilevazione delle presenze o nella concessione di permessi o ferie | AU14: Semestrale | AV14: Responsabile risorse umane
A15: I | B15: =+B13 -> Gestione del personale | C15: Gestione lavoro straordinario e permessi | D15: - Erogazione, per favorire taluni dipendenti, di compensi per prestazioni straordinarie in realtà non effettuate o senza una reale esigenza - Rilascio di permessi non dovuti a determinati dipendenti | F15: =+F14 -> D RA RT AU | G15: =+G14 -> Dipendenti | H15: NO | I15: NO | J15: NO | K15: SI | L15: 1 | M15: 3 | N15: 3 | O15: 1 | P15: 1 | Q15: =(L15*L$1)+(M15*M$1)+(N15*N$1)+(O15*O$1)+(P15*P$1) -> 1.8 | R15: 1 | S15: 2 | T15: =(R15*$R$1)+(S15*$S$1) -> 1.5 | U15: =Q15*T15 -> 2.7 | V15: =IF(U15="","",IF(U15>16,"A",IF(U15>5,"M",IF(U15>2,"B","R")))) -> B | Y15: / | Z15: 8 | AA15: 0 | AC15: Controllo interno | AD15: 2 | AE15: =IF(U15-AD15>0.1,U15-AD15,IF(U15-AD15<=0.1,0.1)) -> 0.7 | AF15: =IF(AE15="","",IF(AE15>16,"A",IF(AE15>5,"M",IF(AE15>2,"B","R")))) -> R | AG15: / | AH15: / | AI15: / | AJ15: / | AK15: Verifiche a campione da parte del RPCT | AL15: / | AM15: / | AN15: / | AO15: / | AP15: / | AQ15: / | AR15: / | AS15: /
A16: I | B16: Gestione del personale | C16: Gestione conflitto di interessi | D16: - Mancata evidenza della situazione di conflitto di interessi, nella gestione delle proprie mansioni, nei confronti di un determinato soggetto, al fine di agevolarlo - Accordi al fine di agevolare un determinato amministratore, dirigente o dipendente non evidenziando casistiche di conflitto di interessi a suo carico | F16: =+F15 -> D RA RT AU | G16: =+G15 -> Dipendenti | H16: NO | I16: NO | J16: NO | K16: SI | L16: 3 | M16: 3 | N16: 3 | O16: 1 | P16: 1 | Q16: =(L16*L$1)+(M16*M$1)+(N16*N$1)+(O16*O$1)+(P16*P$1) -> 2.6 | R16: 3 | S16: 3 | T16: =(R16*$R$1)+(S16*$S$1) -> 3 | U16: =Q16*T16 -> 7.8 | V16: =IF(U16="","",IF(U16>16,"A",IF(U16>5,"M",IF(U16>2,"B","R")))) -> M | W16: PTPCT | Y16: / | Z16: 5 | AA16: 0 | AD16: 2 | AE16: =IF(U16-AD16>0.1,U16-AD16,IF(U16-AD16<=0.1,0.1)) -> 5.8 | AF16: =IF(AE16="","",IF(AE16>16,"A",IF(AE16>5,"M",IF(AE16>2,"B","R")))) -> M | AG16: / | AH16: / | AI16: / | AJ16: / | AK16: / | AL16: / | AM16: / | AN16: / | AO16: / | AP16: / | AQ16: / | AR16: / | AS16: / | AT16: N. di casi di conflitti di interesse riscontrati per i dipendenti aziendali (al di fuori dei processi di selezione del personale e affidamenti) | AU16: Semestrale | AV16: RPCT
A17: I | B17: Gestione del personale | C17: Gestione attività ed incarichi extra-istituzionali | D17: - Svolgimento di attività extra-istituzionali in conflitto di interesse con l'attività svolta dalla Società - Amministratore Unicotorizzazione non dovuta ad un dipendente allo svolgimento di un incarico extra-istituzionale al fine di agevolarlo indebitamente | F17: D AU | G17: =+G16 -> Dipendenti | H17: NO | I17: NO | J17: NO | K17: SI | L17: 1 | M17: 3 | N17: 3 | O17: 1 | P17: 1 | Q17: =(L17*L$1)+(M17*M$1)+(N17*N$1)+(O17*O$1)+(P17*P$1) -> 1.8 | R17: 1 | S17: 2 | T17: =(R17*$R$1)+(S17*$S$1) -> 1.5 | U17: =Q17*T17 -> 2.7 | V17: =IF(U17="","",IF(U17>16,"A",IF(U17>5,"M",IF(U17>2,"B","R")))) -> B | W17: PTPCT | Y17: / | Z17: 5 | AA17: 0 | AB17: X | AD17: 2 | AE17: =IF(U17-AD17>0.1,U17-AD17,IF(U17-AD17<=0.1,0.1)) -> 0.7 | AF17: =IF(AE17="","",IF(AE17>16,"A",IF(AE17>5,"M",IF(AE17>2,"B","R")))) -> R | AG17: / | AH17: / | AI17: / | AJ17: / | AK17: Verifica annuale, da parte del RPCT, attività extra istituzionale a mezzo Amministratore Unicotodichiarazioni e successive verifiche | AL17: / | AM17: / | AN17: =+AN12 -> RPCT | AO17: Entro il 31 12 2023 e così di seguito | AP17: / | AQ17: =+AO17 -> Entro il 31 12 2023 e così di seguito | AR17: / | AS17: / | AT17: - N. di casi di svolgimento di incarichi extra istituzionali per cui è stata richiesta l'Amministratore Unicotorizzazione - % di casi dove non è stata rilasciata l'Amministratore Unicotorizzazione allo svolgimento di incarichi extra-istituzionali rispetto al totale delle richieste | AU17: Semestrale | AV17: RPCT
A18: I | B18: Gestione del personale | C18: Valutazione individuale del personale ed attribuzione di premi | D18: Riconoscimento di premi al personale non supportati da criteri oggettivi e da procedure interne, ma definito a favore di determinati soggetti al fine di agevolarli indebitamente | E18: Al momento AMIAS non ha una gestione di performance ed obiettivi | F18: AU RT RA D | G18: =+G17 -> Dipendenti | H18: NO | I18: NO | J18: NO | K18: SI | L18: 1 | M18: 3 | N18: 3 | O18: 1 | P18: 1 | Q18: =(L18*L$1)+(M18*M$1)+(N18*N$1)+(O18*O$1)+(P18*P$1) -> 1.8 | R18: 3 | S18: 3 | T18: =(R18*$R$1)+(S18*$S$1) -> 3 | U18: =Q18*T18 -> 5.4 | V18: =IF(U18="","",IF(U18>16,"A",IF(U18>5,"M",IF(U18>2,"B","R")))) -> M | Y18: / | Z18: 4 | AA18: 0 | AD18: 0 | AE18: =IF(U18-AD18>0.1,U18-AD18,IF(U18-AD18<=0.1,0.1)) -> 5.4 | AF18: =IF(AE18="","",IF(AE18>16,"A",IF(AE18>5,"M",IF(AE18>2,"B","R")))) -> M | AG18: / | AH18: / | AI18: / | AJ18: / | AK18: Valutazione delle performance anche con il supporto di un soggetto esterno indipendente | AL18: / | AM18: / | AN18: / | AO18: / | AP18: / | AQ18: / | AR18: / | AS18: / | AT18: 1) N. di dipendenti aziendali ai quali sono stati concessi premi 2) N. di contestazioni da parte del personale in merito all’erogazione di premi aziendali | AU18: Semestrale | AV18: Responsabile risorse umane | AW18: Opportunità di introduzione di piano delle performance / gestione per obiettivi
A19: I | B19: Gestione del personale | C19: Progressioni di carriera ed incrementi stipendiali / indennità | D19: Attribuzione di incrementi categoriali e / o stipendiali o di sviluppi di carriera non motivati e / o per favorire determinati dipendenti | F19: =+F18 -> AU RT RA D | G19: =+G18 -> Dipendenti | J19: NO | L19: 3 | M19: 3 | N19: 3 | O19: 1 | Q19: =(L19*L$1)+(M19*M$1)+(N19*N$1)+(O19*O$1)+(P19*P$1) -> 2.6 | T19: =(R19*$R$1)+(S19*$S$1) -> 0 | U19: =Q19*T19 -> 0 | V19: =IF(U19="","",IF(U19>16,"A",IF(U19>5,"M",IF(U19>2,"B","R")))) -> R
A20: I | B20: =+B17 -> Gestione del personale | C20: Erogazioni finanziarie ai dipendenti (cessione del quinto, anticipo TFR e simili) | D20: Erogazioni non dovute a determinati dipendenti o mancate erogazioni a favore di dipendenti cui spettano | F20: =+F19 -> AU RT RA D | G20: =+G19 -> Dipendenti | J20: NO | L20: 3 | M20: 3 | N20: 3 | O20: 1 | Q20: =(L20*L$1)+(M20*M$1)+(N20*N$1)+(O20*O$1)+(P20*P$1) -> 2.6 | T20: =(R20*$R$1)+(S20*$S$1) -> 0 | U20: =Q20*T20 -> 0 | V20: =IF(U20="","",IF(U20>16,"A",IF(U20>5,"M",IF(U20>2,"B","R")))) -> R
A21: I | B21: Gestione del personale | C21: Autorizzazione missioni | D21: - Autorizzazione non dovuta allo svolgimento di missioni ad un dipendente o all'Amministratore al fine di agevolarlo indebitamente - Svolgimento di missioni per attività non inerenti alle funzioni istituzionali | F21: RT RA D | G21: Collettività | H21: NO | I21: NO | J21: NO | K21: SI | L21: 1 | M21: 5 | N21: 3 | O21: 1 | P21: 1 | Q21: =(L21*L$1)+(M21*M$1)+(N21*N$1)+(O21*O$1)+(P21*P$1) -> 2.2 | R21: 3 | S21: 3 | T21: =(R21*$R$1)+(S21*$S$1) -> 3 | U21: =Q21*T21 -> 6.6 | V21: =IF(U21="","",IF(U21>16,"A",IF(U21>5,"M",IF(U21>2,"B","R")))) -> M | Y21: / | Z21: 6 | AA21: 0 | AC21: modulo di richiesta per autorizzazione | AD21: 1 | AE21: =IF(U21-AD21>0.1,U21-AD21,IF(U21-AD21<=0.1,0.1)) -> 5.6 | AF21: =IF(AE21="","",IF(AE21>16,"A",IF(AE21>5,"M",IF(AE21>2,"B","R")))) -> M | AG21: / | AH21: / | AI21: / | AJ21: / | AK21: =+#REF! -> #REF! | AL21: / | AM21: / | AN21: / | AO21: / | AP21: / | AQ21: / | AR21: / | AS21: /
A22: I | B22: Gestione del personale | C22: Verifica documentazione e liquidazione rimborsi spese missione | D22: Inosservanza dell'inerenza e della conguità della spesa sostenuta, concedendo il rimborso di spese non rimborsabili, o in misura superiore a quella dovuta, nei confronti di un determinato soggetto, al fine di agevolarlo indebitamente | F22: RA D AU | G22: =+G21 -> Collettività | H22: NO | I22: NO | J22: NO | K22: SI | L22: 1 | M22: 5 | N22: 3 | O22: 1 | P22: 1 | Q22: =(L22*L$1)+(M22*M$1)+(N22*N$1)+(O22*O$1)+(P22*P$1) -> 2.2 | R22: 3 | S22: 3 | T22: =(R22*$R$1)+(S22*$S$1) -> 3 | U22: =Q22*T22 -> 6.6 | V22: =IF(U22="","",IF(U22>16,"A",IF(U22>5,"M",IF(U22>2,"B","R")))) -> M | Y22: / | Z22: 6 | AA22: 0 | AC22: Modulo richiesta rimborso | AD22: 2 | AE22: =IF(U22-AD22>0.1,U22-AD22,IF(U22-AD22<=0.1,0.1)) -> 4.6 | AF22: =IF(AE22="","",IF(AE22>16,"A",IF(AE22>5,"M",IF(AE22>2,"B","R")))) -> B | AG22: / | AH22: / | AI22: / | AJ22: / | AK22: =+AK21 -> #REF! | AL22: / | AM22: / | AN22: / | AO22: / | AP22: / | AQ22: / | AR22: / | AS22: /
A23: I | B23: Gestione del pesonale | C23: Gestione del pantouflage | D23: Nei tre anni successivi alla cessazione del rapporto con AMIAS, instaurazione di un rapporto di dipendenza, collaborazione, amministrazione con appaltatori di AMIAS e simili | F23: AU RT RA RUP | G23: =+G22 -> Collettività | J23: NO | L23: 1 | M23: 3 | N23: 3 | O23: 1 | Q23: =(L23*L$1)+(M23*M$1)+(N23*N$1)+(O23*O$1)+(P23*P$1) -> 1.8 | R23: 2 | S23: 4 | T23: =(R23*$R$1)+(S23*$S$1) -> 3 | U23: =Q23*T23 -> 5.4 | V23: =IF(U23="","",IF(U23>16,"A",IF(U23>5,"M",IF(U23>2,"B","R")))) -> M | W23: PTPCT | AD23: 2 | AE23: =IF(U23-AD23>0.1,U23-AD23,IF(U23-AD23<=0.1,0.1)) -> 3.4 | AF23: =IF(AE23="","",IF(AE23>16,"A",IF(AE23>5,"M",IF(AE23>2,"B","R")))) -> B
A24: I | B24: Gestione del pesonale | C24: Comportamento sui social network | D24: Comportamenti contrari alle regole contenute nel Codice di comportamento | F24: Tutti | G24: Tutti | J24: NO | L24: 1 | M24: 3 | N24: 3 | O24: 1 | Q24: =(L24*L$1)+(M24*M$1)+(N24*N$1)+(O24*O$1)+(P24*P$1) -> 1.8 | R24: 2 | S24: 5 | T24: =(R24*$R$1)+(S24*$S$1) -> 3.5 | U24: =Q24*T24 -> 6.3 | V24: =IF(U24="","",IF(U24>16,"A",IF(U24>5,"M",IF(U24>2,"B","R")))) -> M | AC24: Codice di comportamento | AD24: 2 | AE24: =IF(U24-AD24>0.1,U24-AD24,IF(U24-AD24<=0.1,0.1)) -> 4.3 | AF24: =IF(AE24="","",IF(AE24>16,"A",IF(AE24>5,"M",IF(AE24>2,"B","R")))) -> B
A25: I | B25: Gestione del pesonale | C25: Comportamenti compiacenti a favore di utenti e terzi | D25: Indebiti favori a vantaggio di determinati soggetti esterni (gestione parcheggi, energia elettrica, pubblica illuminazione, spazzamento, gestione verde, manutenzione cimiteriale) | F25: Tutti | G25: Dipendenti | J25: NO | L25: 1 | M25: 5 | N25: 3 | O25: 1 | Q25: =(L25*L$1)+(M25*M$1)+(N25*N$1)+(O25*O$1)+(P25*P$1) -> 2.2 | R25: 2 | S25: 4 | T25: =(R25*$R$1)+(S25*$S$1) -> 3 | U25: =Q25*T25 -> 6.6 | V25: =IF(U25="","",IF(U25>16,"A",IF(U25>5,"M",IF(U25>2,"B","R")))) -> M | AD25: 1 | AE25: =IF(U25-AD25>0.1,U25-AD25,IF(U25-AD25<=0.1,0.1)) -> 5.6 | AF25: =IF(AE25="","",IF(AE25>16,"A",IF(AE25>5,"M",IF(AE25>2,"B","R")))) -> M | AW25: Opportunità effettuazione verifiche in campo
A26: I | B26: =+B25 -> Gestione del pesonale | C26: Controlli e sanzioni nel servizio parcheggi | D26: Mancato controllo e sanzione | F26: Ausiliari del traffico | G26: =+G27 -> Collettività | J26: SI | L26: 1 | M26: 1 | N26: 3 | O26: 1 | Q26: =(L26*L$1)+(M26*M$1)+(N26*N$1)+(O26*O$1)+(P26*P$1) -> 1.4 | R26: 4 | S26: 5 | T26: =(R26*$R$1)+(S26*$S$1) -> 4.5 | U26: =Q26*T26 -> 6.3 | V26: =IF(U26="","",IF(U26>16,"A",IF(U26>5,"M",IF(U26>2,"B","R")))) -> M | AD26: 0 | AE26: =IF(U26-AD26>0.1,U26-AD26,IF(U26-AD26<=0.1,0.1)) -> 6.3 | AF26: =IF(AE26="","",IF(AE26>16,"A",IF(AE26>5,"M",IF(AE26>2,"B","R")))) -> M | AW26: Opportunità di sensibilizzazione della polizia locale
A27: II | B27: Programmazione degli incarichi professionali | C27: Programmazione del fabbisogno di incarichi professionali | D27: Mancata elaborazione del programma per i periodi successivi | F27: AU RT RA | G27: =+G21 -> Collettività | J27: NO | L27: 1 | M27: 3 | N27: 3 | O27: 1 | Q27: =(L27*L$1)+(M27*M$1)+(N27*N$1)+(O27*O$1)+(P27*P$1) -> 1.8 | R27: 1 | S27: 1 | T27: =(R27*$R$1)+(S27*$S$1) -> 1 | U27: =Q27*T27 -> 1.8 | V27: =IF(U27="","",IF(U27>16,"A",IF(U27>5,"M",IF(U27>2,"B","R")))) -> R | AD27: 1 | AE27: =IF(U27-AD27>0.1,U27-AD27,IF(U27-AD27<=0.1,0.1)) -> 0.8 | AF27: =IF(AE27="","",IF(AE27>16,"A",IF(AE27>5,"M",IF(AE27>2,"B","R")))) -> R
A28: II | B28: Affidamento di incarichi professionali | C28: Definizione dell'oggetto, della durata e del corrispetiivo dell'affidamento | D28: Definizione di un fabbisogno di consulenza non effettivo al fine di effettuare un affidamento a soggetti predeterminati | F28: =+F27 -> AU RT RA | G28: Consulenti | H28: SI | I28: >B | J28: NO | K28: SI | L28: 3 | M28: 3 | N28: 3 | O28: 1 | P28: 5 | Q28: =(L28*L$1)+(M28*M$1)+(N28*N$1)+(O28*O$1)+(P28*P$1) -> 2.6 | R28: 3 | S28: 3 | T28: =(R28*$R$1)+(S28*$S$1) -> 3 | U28: =Q28*T28 -> 7.8 | V28: =IF(U28="","",IF(U28>16,"A",IF(U28>5,"M",IF(U28>2,"B","R")))) -> M | Y28: / | Z28: 6 | AA28: 0 | AB28: X | AC28: Principio di rotazione | AD28: 2 | AE28: =IF(U28-AD28>0.1,U28-AD28,IF(U28-AD28<=0.1,0.1)) -> 5.8 | AF28: =IF(AE28="","",IF(AE28>16,"A",IF(AE28>5,"M",IF(AE28>2,"B","R")))) -> M | AG28: / | AH28: / | AI28: / | AJ28: / | AK28: =+AK22 -> #REF! | AL28: Sottoporre ad Amministratore Unicodit interno almeno il 50% degli incarichi professionali affidati da CDN SpA nel corso del 2023 | AM28: Personale aziendale | AN28: RFC / RPCT | AO28: Entro il 30/11/2023 | AP28: % di incarichi professionali sottoposti ad Amministratore Unicodit rispetto al totale degli affidamenti di incarichi professionali effettuati nell'anno 2023 | AQ28: Entro il 31/12/2023 | AR28: Direttore Generale di CDN SpA | AS28: / | AT28: N. di incarichi professionali affidati | AU28: Semestrale | AV28: Responsabile gare | AW28: =+AW25 -> Opportunità effettuazione verifiche in campo
A29: II | B29: Affidamento di incarichi professionali | C29: Individuazione della procedura per l'affidamento | D29: Individuazione in affidamento diretto (rispetto all'avviso pubblico o all'affidamento in rotazione) al fine di effettuare un affidamento a soggetti predeterminati | F29: =+F28 -> AU RT RA | G29: Consulenti | H29: SI | I29: >B | J29: NO | K29: SI | L29: 1 | M29: 3 | N29: 3 | O29: 1 | P29: 5 | Q29: =(L29*L$1)+(M29*M$1)+(N29*N$1)+(O29*O$1)+(P29*P$1) -> 1.8 | R29: 3 | S29: 5 | T29: =(R29*$R$1)+(S29*$S$1) -> 4 | U29: =Q29*T29 -> 7.2 | V29: =IF(U29="","",IF(U29>16,"A",IF(U29>5,"M",IF(U29>2,"B","R")))) -> M | X29: =+X28 | Y29: / | Z29: 6 | AA29: 0 | AB29: X | AC29: Principio di rotazione | AD29: 2 | AE29: =IF(U29-AD29>0.1,U29-AD29,IF(U29-AD29<=0.1,0.1)) -> 5.2 | AF29: =IF(AE29="","",IF(AE29>16,"A",IF(AE29>5,"M",IF(AE29>2,"B","R")))) -> M | AG29: / | AH29: / | AI29: / | AJ29: / | AK29: =+AK28 -> #REF! | AL29: Si rinvia all'attività n. 18 | AM29: / | AN29: / | AO29: / | AP29: / | AQ29: / | AR29: / | AS29: / | AT29: Elenco degli incarichi professionali affidati in assenza di confronto competitivo fra più professionisti | AU29: Semestrale | AV29: Responsabile gare | AW29: =+AW28 -> Opportunità effettuazione verifiche in campo
A30: II | B30: Affidamento di incarichi professionali | C30: Verifica dei requisiti del consulente e dell'assenza di conflitto di interesse | D30: Individuazione di un consulente già predeterminato a seguito di accordo illecito tra le parti (e mancata verifica) | F30: =+F29 -> AU RT RA | G30: Consulenti | H30: SI | I30: >B | J30: NO | K30: SI | L30: 1 | M30: 3 | N30: 3 | O30: 1 | P30: 5 | Q30: =(L30*L$1)+(M30*M$1)+(N30*N$1)+(O30*O$1)+(P30*P$1) -> 1.8 | R30: 4 | S30: 5 | T30: =(R30*$R$1)+(S30*$S$1) -> 4.5 | U30: =Q30*T30 -> 8.1 | V30: =IF(U30="","",IF(U30>16,"A",IF(U30>5,"M",IF(U30>2,"B","R")))) -> M | W30: =+W29 | X30: =+X29 | Y30: / | Z30: 6 | AA30: 0 | AB30: X | AC30: Modulo | AD30: 4 | AE30: =IF(U30-AD30>0.1,U30-AD30,IF(U30-AD30<=0.1,0.1)) -> 4.1 | AF30: =IF(AE30="","",IF(AE30>16,"A",IF(AE30>5,"M",IF(AE30>2,"B","R")))) -> B | AG30: / | AH30: / | AI30: / | AJ30: / | AK30: =+AK29 -> #REF! | AL30: Si rinvia all'attività n. 18 | AM30: / | AN30: / | AO30: / | AP30: / | AQ30: / | AR30: / | AS30: /
A31: II | B31: Affidamento di incarichi professionali | C31: Sottoscrizione contratto di consulenza | D31: Individuazione di un importo contrattuale non dovuto a seguito di accordo illecito tra le parti | F31: AU CE | G31: Consulenti | H31: SI | I31: >B | J31: NO | K31: SI | L31: 1 | M31: 3 | N31: 3 | O31: 1 | P31: 5 | Q31: =(L31*L$1)+(M31*M$1)+(N31*N$1)+(O31*O$1)+(P31*P$1) -> 1.8 | R31: 1 | S31: 5 | T31: =(R31*$R$1)+(S31*$S$1) -> 3 | U31: =Q31*T31 -> 5.4 | V31: =IF(U31="","",IF(U31>16,"A",IF(U31>5,"M",IF(U31>2,"B","R")))) -> M | W31: =+W30 | X31: =+X30 | Y31: / | Z31: 6 | AA31: 0 | AB31: X | AD31: 2 | AE31: =IF(U31-AD31>0.1,U31-AD31,IF(U31-AD31<=0.1,0.1)) -> 3.4 | AF31: =IF(AE31="","",IF(AE31>16,"A",IF(AE31>5,"M",IF(AE31>2,"B","R")))) -> B | AG31: / | AH31: / | AI31: / | AJ31: / | AK31: =+AK30 -> #REF! | AL31: Si rinvia all'attività n. 18 | AM31: / | AN31: / | AO31: / | AP31: / | AQ31: / | AR31: / | AS31: /
A32: II | B32: Affidamento di incarichi professionali | C32: Verifica corretta esecuzione dell'attività del consulente | D32: Evidenziazione di una prestazione non effettivamente eseguita come eseguita, al fine di agevolare la controparte | F32: RUP DEC | G32: =+G27 -> Collettività | H32: SI | I32: >B | J32: NO | K32: SI | L32: 1 | M32: 3 | N32: 3 | O32: 1 | P32: 5 | Q32: =(L32*L$1)+(M32*M$1)+(N32*N$1)+(O32*O$1)+(P32*P$1) -> 1.8 | R32: 1 | S32: 5 | T32: =(R32*$R$1)+(S32*$S$1) -> 3 | U32: =Q32*T32 -> 5.4 | V32: =IF(U32="","",IF(U32>16,"A",IF(U32>5,"M",IF(U32>2,"B","R")))) -> M | X32: =+X31 | Y32: / | Z32: 6 | AA32: 0 | AC32: Rendicontazione periodica / documentazione | AD32: 2 | AE32: =IF(U32-AD32>0.1,U32-AD32,IF(U32-AD32<=0.1,0.1)) -> 3.4 | AF32: =IF(AE32="","",IF(AE32>16,"A",IF(AE32>5,"M",IF(AE32>2,"B","R")))) -> B | AG32: / | AH32: / | AI32: / | AJ32: / | AK32: Introduzione di schede a dimostrazione del coerente svolgimento dell'attività da parte del professionista (Amministratore Unicotodichiarazione da parte del Direttore Generale e / o dei Responabili d'Area) | AL32: Si rinvia all'attività n. 18 | AM32: / | AN32: / | AO32: / | AP32: / | AQ32: / | AR32: / | AS32: /
A33: II | B33: Affidamento di incarichi professionali | C33: Gestione elenco professionisti | D33: Ricorso all'affidamento diretto in ogni caso | E33: AMIAS al momento non necessita di albo professionisti | F33: AU RT RA RUP | G33: =+G32 -> Collettività | J33: NO | L33: 1 | M33: 3 | N33: 3 | O33: 1 | Q33: =(L33*L$1)+(M33*M$1)+(N33*N$1)+(O33*O$1)+(P33*P$1) -> 1.8 | T33: =(R33*$R$1)+(S33*$S$1) -> 0 | U33: =Q33*T33 -> 0 | V33: =IF(U33="","",IF(U33>16,"A",IF(U33>5,"M",IF(U33>2,"B","R")))) -> R
A34: II | B34: Affidamento di beni, servizi e lavori | C34: Programmazione acquisti | D34: Definizione di un fabbisogno non effettivo ma finalizzato ad agevolare indebitamente un affidamento verso un determinato fornitore | F34: AU RT RA | G34: Fornitori | H34: SI | I34: >B | J34: NO | K34: SI | L34: 1 | M34: 3 | N34: 3 | O34: 1 | P34: 5 | Q34: =(L34*L$1)+(M34*M$1)+(N34*N$1)+(O34*O$1)+(P34*P$1) -> 1.8 | R34: 1 | S34: 5 | T34: =(R34*$R$1)+(S34*$S$1) -> 3 | U34: =Q34*T34 -> 5.4 | V34: =IF(U34="","",IF(U34>16,"A",IF(U34>5,"M",IF(U34>2,"B","R")))) -> M | X34: =+X32 | Y34: / | Z34: 8 | AA34: 0 | AB34: X | AD34: 0 | AE34: =IF(U34-AD34>0.1,U34-AD34,IF(U34-AD34<=0.1,0.1)) -> 5.4 | AF34: =IF(AE34="","",IF(AE34>16,"A",IF(AE34>5,"M",IF(AE34>2,"B","R")))) -> M | AG34: / | AH34: / | AI34: / | AJ34: / | AK34: Rilevazione analitica del fabbisogno degli affidamenti previsti per l'anno a seguire, in termini di valori contrattuali e tempi di svolgimento dei futuri affidamenti (anche tenendo conto di quelli in scadenza) | AL34: Migliorare il processo di definizione dei fabbisogni di acquisto da parte delle singole SOL e programmare un numero maggiore di gare da parte della CapoCDN per l'anno 2023 | AM34: Personale aziendale | AN34: Responsabile gare CDN SpA | AO34: Entro il 31/12/2023 | AP34: % di Amministratore Unicomento delle gare gestite dalla CapoCDN rispetto ai due anni precedenti (sia in termini quantitativi che di valore monetario) | AQ34: Entro il 31/01/2024 | AR34: RPCT / RFC | AS34: / | AT34: N. di gare esperite in qualità di stazione appaltante per il CDN e non inserite nel programma degli acquisti di CDN | AU34: Semestrale | AV34: Responsabile gare | AW34: Obbligo di programmazione acquisti
A35: II | B35: Affidamento di beni, servizi e lavori | C35: Nomina RUP / DEC | D35: - Nomina di un RUP indirizzata dalla volontà di facilitare la scelta di un determinato fornitore - Mancata comunicazione, da parte del soggetto nominato, di conflitto di interessi con un operatore economico, al fine di agevolarlo | F35: AU RUP DEC | G35: Fornitori | H35: SI | I35: >B | J35: NO | K35: SI | L35: 3 | M35: 3 | N35: 3 | O35: 1 | P35: 5 | Q35: =(L35*L$1)+(M35*M$1)+(N35*N$1)+(O35*O$1)+(P35*P$1) -> 2.6 | R35: 1 | S35: 5 | T35: =(R35*$R$1)+(S35*$S$1) -> 3 | U35: =Q35*T35 -> 7.8 | V35: =IF(U35="","",IF(U35>16,"A",IF(U35>5,"M",IF(U35>2,"B","R")))) -> M | X35: =+X34 | Y35: / | Z35: 8 | AA35: 0 | AB35: X | AC35: Requisiti di legge (Allegato I.2 Dlgs 36 / 2023) | AD35: 3 | AE35: =IF(U35-AD35>0.1,U35-AD35,IF(U35-AD35<=0.1,0.1)) -> 4.8 | AF35: =IF(AE35="","",IF(AE35>16,"A",IF(AE35>5,"M",IF(AE35>2,"B","R")))) -> B | AG35: / | AH35: / | AI35: / | AJ35: / | AK35: / | AL35: / | AM35: / | AN35: / | AO35: / | AP35: / | AQ35: / | AR35: / | AS35: / | AT35: N. di casi di conflitti di interesse del RUP | AU35: Semestrale | AV35: Responsabile gare
A36: II | B36: Affidamento di beni, servizi e lavori | C36: Nomina DEC / Direttore Lavori | D36: Si veda sopra | F36: AU RUP DEC DL | G36: Fornitori | H36: SI | I36: >B | J36: NO | K36: SI | L36: 3 | M36: 3 | N36: 3 | O36: 1 | P36: 5 | Q36: =(L36*L$1)+(M36*M$1)+(N36*N$1)+(O36*O$1)+(P36*P$1) -> 2.6 | R36: 2 | S36: 4 | T36: =(R36*$R$1)+(S36*$S$1) -> 3 | U36: =Q36*T36 -> 7.8 | V36: =IF(U36="","",IF(U36>16,"A",IF(U36>5,"M",IF(U36>2,"B","R")))) -> M | Y36: / | Z36: 9 | AA36: 0 | AB36: X | AC36: Requisiti di legge (Allegato DLgs 36 / 2023) | AD36: 3 | AE36: =IF(U36-AD36>0.1,U36-AD36,IF(U36-AD36<=0.1,0.1)) -> 4.8 | AF36: =IF(AE36="","",IF(AE36>16,"A",IF(AE36>5,"M",IF(AE36>2,"B","R")))) -> B | AG36: / | AH36: / | AI36: / | AJ36: / | AK36: / | AL36: / | AM36: / | AN36: / | AO36: / | AP36: / | AQ36: / | AR36: / | AS36: / | AT36: N. di casi di conflitti di interesse dei DEC/DL | AU36: Semestrale | AV36: Responsabile gare
A37: II | B37: Affidamento di beni, servizi e lavori | C37: Definizione dell'oggetto e del valore dell'affidamento | D37: Richiesta di acquisto di beni, servizi, lavori non necessari al le esigenze della Società, o sovradimensionati, per selezionare o favorire indebitamente un determinato fornitore | F37: AU RT RA | G37: =+G33 -> Collettività | H37: SI | I37: >B | J37: NO | K37: SI | L37: 1 | M37: 3 | N37: 3 | O37: 1 | P37: 5 | Q37: =(L37*L$1)+(M37*M$1)+(N37*N$1)+(O37*O$1)+(P37*P$1) -> 1.8 | R37: 3 | S37: 5 | T37: =(R37*$R$1)+(S37*$S$1) -> 4 | U37: =Q37*T37 -> 7.2 | V37: =IF(U37="","",IF(U37>16,"A",IF(U37>5,"M",IF(U37>2,"B","R")))) -> M | X37: =+X35 | Y37: / | Z37: 7 | AA37: 0 | AB37: X | AC37: Schema determina a contrarre / segregazione ruoli | AD37: 3 | AE37: =IF(U37-AD37>0.1,U37-AD37,IF(U37-AD37<=0.1,0.1)) -> 4.2 | AF37: =IF(AE37="","",IF(AE37>16,"A",IF(AE37>5,"M",IF(AE37>2,"B","R")))) -> B | AG37: / | AH37: / | AI37: / | AJ37: / | AK37: / | AL37: / | AM37: / | AN37: / | AO37: / | AP37: / | AQ37: / | AR37: / | AS37: /
A38: II | B38: Affidamento di beni, servizi e lavori | C38: Individuazione della procedura di affidamento (anche con riferimento al principio di rotazione) | D38: Ricorso continuo ad affidamento diretto al fine di favorire un determinato operatore economico | F38: =+F37 -> AU RT RA | G38: Fornitori | H38: SI | I38: >B | J38: NO | K38: SI | L38: 1 | M38: 3 | N38: 3 | O38: 1 | P38: 5 | Q38: =(L38*L$1)+(M38*M$1)+(N38*N$1)+(O38*O$1)+(P38*P$1) -> 1.8 | R38: 1 | S38: 5 | T38: =(R38*$R$1)+(S38*$S$1) -> 3 | U38: =Q38*T38 -> 5.4 | V38: =IF(U38="","",IF(U38>16,"A",IF(U38>5,"M",IF(U38>2,"B","R")))) -> M | W38: =+W37 | X38: =+X37 | Y38: / | Z38: 8 | AA38: 0 | AB38: X | AC38: Principio di rotazione | AD38: 1 | AE38: =IF(U38-AD38>0.1,U38-AD38,IF(U38-AD38<=0.1,0.1)) -> 4.4 | AF38: =IF(AE38="","",IF(AE38>16,"A",IF(AE38>5,"M",IF(AE38>2,"B","R")))) -> B | AG38: / | AH38: / | AI38: / | AJ38: / | AK38: Verifiche da parte del RPCT | AL38: Completare il processo di implementazione del gestionale XXXXX al fine di tracciare informaticamente il ciclo passivo, dalla fase di definizione del fabbisogno a quella di esecuzione della prestazione | AM38: - Personale aziendale - Risorse economiche | AN38: XXXXXX | AO38: Entro il XXXXX | AP38: Completamento dell'implementazione del gestionale XXXX entro i termini previsti | AQ38: Entro il 31/12/2023 | AR38: RPCT / RFC | AS38: / | AT38: % di affidamenti diretti rispetto al totale degli affidamenti (sia in termini numerici che di importo) | AU38: Semestrale | AV38: Responsabile gare
A39: II | B39: Affidamento di beni, servizi e lavori | C39: Gestione elenco fornitori | D39: - Alterazione dei dati di iscrizione e valutazione periodica di un operatore economico al fine di non far riscontrare carenze che potrebbero comprometterne l'iscrizione ovvero il mantenimento dell'iscrizione all'albo | E39: AMIAS al momento non necessita di albo professionisti | F39: =+F38 -> AU RT RA | G39: Fornitori | H39: SI | I39: >B | J39: NO | K39: SI | L39: 0 | M39: 0 | N39: 0 | O39: 0 | P39: 5 | Q39: =(L39*L$1)+(M39*M$1)+(N39*N$1)+(O39*O$1)+(P39*P$1) -> 0 | R39: 0 | S39: 0 | T39: =(R39*$R$1)+(S39*$S$1) -> 0 | U39: =Q39*T39 -> 0 | V39: =IF(U39="","",IF(U39>16,"A",IF(U39>5,"M",IF(U39>2,"B","R")))) -> R | X39: =+X38 | Y39: / | Z39: 9 | AA39: 0 | AD39: 5 | AE39: =IF(U39-AD39>0.1,U39-AD39,IF(U39-AD39<=0.1,0.1)) -> 0.1 | AF39: =IF(AE39="","",IF(AE39>16,"A",IF(AE39>5,"M",IF(AE39>2,"B","R")))) -> R | AG39: / | AH39: / | AI39: / | AJ39: / | AK39: Definzione di categorie e requisiti per l'iscrizione, pubblicazione, valutazione delle candidature, ingresso in esercizio di un vero e proprio albo fornitori (e relativo regolamento) ed utilizzo degli iscritti secondo principi di rotazione | AL39: / | AM39: / | AN39: / | AO39: / | AP39: / | AQ39: / | AR39: / | AS39: / | AT39: Elenco degli affidamenti effettuati a fornitori non iscritti all'albo fornitori | AU39: Semestrale | AV39: Responsabile gare
A40: II | B40: Affidamento di beni, servizi e lavori | C40: Definizione dei criteri di partecipazione e di aggiudicazione - gara | D40: Definizione di criteri di aggiudicazione ad hoc (specifici) per favorire determinati soggetti ed imprese nell'aggiudicazione | F40: AU RUP CE | G40: Fornitori | H40: SI | I40: >B | J40: NO | K40: SI | L40: 3 | M40: 3 | N40: 3 | O40: 1 | P40: 5 | Q40: =(L40*L$1)+(M40*M$1)+(N40*N$1)+(O40*O$1)+(P40*P$1) -> 2.6 | R40: 3 | S40: 5 | T40: =(R40*$R$1)+(S40*$S$1) -> 4 | U40: =Q40*T40 -> 10.4 | V40: =IF(U40="","",IF(U40>16,"A",IF(U40>5,"M",IF(U40>2,"B","R")))) -> M | W40: =+W38 | X40: =+X39 | Y40: / | Z40: 8 | AA40: 0 | AB40: X | AC40: Segregazione di soggetti e funzioni | AD40: 3 | AE40: =IF(U40-AD40>0.1,U40-AD40,IF(U40-AD40<=0.1,0.1)) -> 7.4 | AF40: =IF(AE40="","",IF(AE40>16,"A",IF(AE40>5,"M",IF(AE40>2,"B","R")))) -> M | AG40: / | AH40: / | AI40: / | AJ40: / | AK40: / | AL40: / | AM40: / | AN40: / | AO40: / | AP40: / | AQ40: / | AR40: / | AS40: /
A41: II | B41: Affidamento di beni, servizi e lavori | C41: Nomina Commissione Giudicatrice - gara | D41: - Nomina in commissione di soggetti specifici al fine di indirizzare la scelta verso uno specifico fornitore - Indebite pressioni, da parte della Società, sui Commissari al fine di favorire un concorrente - Mancata comunicazione, da parte del soggetto nominato, di conflitto di interessi con un OE, al fine di agevolarlo | F41: AU Comm | G41: Fornitori | H41: SI | I41: >B | J41: NO | K41: SI | L41: 3 | M41: 3 | N41: 3 | O41: 1 | P41: 5 | Q41: =(L41*L$1)+(M41*M$1)+(N41*N$1)+(O41*O$1)+(P41*P$1) -> 2.6 | R41: 3 | S41: 5 | T41: =(R41*$R$1)+(S41*$S$1) -> 4 | U41: =Q41*T41 -> 10.4 | V41: =IF(U41="","",IF(U41>16,"A",IF(U41>5,"M",IF(U41>2,"B","R")))) -> M | Y41: / | Z41: 9 | AA41: 0 | AB41: X | AC41: Auotdichiarazione | AD41: 5 | AE41: =IF(U41-AD41>0.1,U41-AD41,IF(U41-AD41<=0.1,0.1)) -> 5.4 | AF41: =IF(AE41="","",IF(AE41>16,"A",IF(AE41>5,"M",IF(AE41>2,"B","R")))) -> M | AG41: / | AH41: / | AI41: / | AJ41: / | AK41: Verifiche da parte del RPCT | AL41: / | AM41: / | AN41: / | AO41: / | AP41: / | AQ41: / | AR41: / | AS41: / | AT41: N. di casi di conflitti di interesse dei commissari di gara | AU41: Semestrale | AV41: Responsabile gare
A42: II | B42: Affidamento di beni, servizi e lavori | C42: Individuazione del fornitore in esito a procedure aperte | D42: Alterazione delle verifiche sui concorrenti, degli atti e delle procedure di gara al fine di agevolare uno specifico concorrente | F42: RUP Comm | G42: Fornitori | H42: SI | I42: >B | J42: NO | K42: SI | L42: 3 | M42: 3 | N42: 3 | O42: 1 | P42: 5 | Q42: =(L42*L$1)+(M42*M$1)+(N42*N$1)+(O42*O$1)+(P42*P$1) -> 2.6 | R42: 3 | S42: 5 | T42: =(R42*$R$1)+(S42*$S$1) -> 4 | U42: =Q42*T42 -> 10.4 | V42: =IF(U42="","",IF(U42>16,"A",IF(U42>5,"M",IF(U42>2,"B","R")))) -> M | W42: =+W40 | X42: =+X40 | Y42: / | Z42: 9 | AA42: 0 | AB42: X | AC42: Segregazione di soggetti e funzioni | AD42: 3 | AE42: =IF(U42-AD42>0.1,U42-AD42,IF(U42-AD42<=0.1,0.1)) -> 7.4 | AF42: =IF(AE42="","",IF(AE42>16,"A",IF(AE42>5,"M",IF(AE42>2,"B","R")))) -> M | AG42: / | AH42: / | AI42: / | AJ42: / | AK42: Progressivo superamento degli affidamenti diretti a favore di procedure aperte e negoziate | AL42: Sottoporre ad Amministratore Unicodit interno almeno il 30% delle procedure aperte svolte da CDN SpA nel 2023 | AM42: Personale aziendale | AN42: RFC / RPCT | AO42: Entro il 30/11/2023 | AP42: % di procedure di gara sottoposte a Amministratore Unicodit rispetto al totale delle procedure esperite | AQ42: Entro il 31/12/2023 | AR42: Direttore Generale di CDN SpA | AS42: /
A43: II | B43: Affidamento di beni, servizi e lavori | C43: Individuazione e scelta del fornitore a seguito di procedure negoziate | D43: Alterazione delle verifiche sui manifestanti interesse, degli atti e delle procedure di individuazione degli invitati, ed in gara gara al fine di agevolare uno specifico concorrente | F43: =+F42 -> RUP Comm | G43: Fornitori | H43: SI | I43: >B | J43: NO | K43: SI | L43: 3 | M43: 3 | N43: 3 | O43: 1 | P43: 5 | Q43: =(L43*L$1)+(M43*M$1)+(N43*N$1)+(O43*O$1)+(P43*P$1) -> 2.6 | R43: 3 | S43: 5 | T43: =(R43*$R$1)+(S43*$S$1) -> 4 | U43: =Q43*T43 -> 10.4 | V43: =IF(U43="","",IF(U43>16,"A",IF(U43>5,"M",IF(U43>2,"B","R")))) -> M | W43: =+W42 | X43: =+X42 | Y43: / | Z43: 9 | AA43: 0 | AB43: X | AC43: =+AC42 -> Segregazione di soggetti e funzioni | AD43: 3 | AE43: =IF(U43-AD43>0.1,U43-AD43,IF(U43-AD43<=0.1,0.1)) -> 7.4 | AF43: =IF(AE43="","",IF(AE43>16,"A",IF(AE43>5,"M",IF(AE43>2,"B","R")))) -> M | AG43: / | AH43: / | AI43: / | AJ43: / | AK43: =+AK42 -> Progressivo superamento degli affidamenti diretti a favore di procedure aperte e negoziate | AL43: Sottoporre ad Amministratore Unicodit interno almeno il 30% delle procedure negoziate svolte da CDN SpA nel 2023 | AM43: Personale aziendale | AN43: RFC / RPCT | AO43: Entro il 30/11/2023 | AP43: % di procedure di gara sottoposte a Amministratore Unicodit rispetto al totale delle procedure esperite | AQ43: Entro il 31/12/2023 | AR43: Direttore Generale di CDN SpA | AS43: /
A44: II | B44: Affidamento di beni, servizi e lavori | C44: Individuazione e scelta del fornitore a seguito di affidamenti diretti | D44: Mancata rotazione dell'affidatario e mancata verifica dei requisiti ex art 94 e ss DLgs 36 / 2023 | F44: AU RUP RT RA | G44: Fornitori | H44: SI | I44: >B | J44: NO | K44: SI | L44: 3 | M44: 3 | N44: 3 | O44: 1 | P44: 5 | Q44: =(L44*L$1)+(M44*M$1)+(N44*N$1)+(O44*O$1)+(P44*P$1) -> 2.6 | R44: 4 | S44: 5 | T44: =(R44*$R$1)+(S44*$S$1) -> 4.5 | U44: =Q44*T44 -> 11.7 | V44: =IF(U44="","",IF(U44>16,"A",IF(U44>5,"M",IF(U44>2,"B","R")))) -> M | W44: =+W43 | X44: =+X43 | Y44: / | Z44: 8 | AA44: 0 | AB44: X | AC44: =+AC43 -> Segregazione di soggetti e funzioni | AD44: 3 | AE44: =IF(U44-AD44>0.1,U44-AD44,IF(U44-AD44<=0.1,0.1)) -> 8.7 | AF44: =IF(AE44="","",IF(AE44>16,"A",IF(AE44>5,"M",IF(AE44>2,"B","R")))) -> M | AG44: / | AH44: / | AI44: / | AJ44: / | AK44: Applicazione costante del principio di rotazione | AL44: / | AM44: / | AN44: / | AO44: / | AP44: / | AQ44: / | AR44: / | AS44: / | AT44: Elenco degli acquisti dove non è stato possibile applicare il criterio della rotazione | AU44: Semestrale | AV44: Responsabile gare
A45: II | B45: Affidamento di beni, servizi e lavori | C45: Gestione acquisti in urgenza | D45: Esplicitazione di motivi di urgenza in realtà insussistenti, al fine di agevolare uno specifico fornitore | F45: AU RT RUP | G45: Fornitori | H45: SI | I45: >B | J45: NO | K45: SI | L45: 1 | M45: 3 | N45: 3 | O45: 1 | P45: 5 | Q45: =(L45*L$1)+(M45*M$1)+(N45*N$1)+(O45*O$1)+(P45*P$1) -> 1.8 | R45: 2 | S45: 5 | T45: =(R45*$R$1)+(S45*$S$1) -> 3.5 | U45: =Q45*T45 -> 6.3 | V45: =IF(U45="","",IF(U45>16,"A",IF(U45>5,"M",IF(U45>2,"B","R")))) -> M | Y45: / | Z45: 6 | AA45: 0 | AB45: X | AD45: 2 | AE45: =IF(U45-AD45>0.1,U45-AD45,IF(U45-AD45<=0.1,0.1)) -> 4.3 | AF45: =IF(AE45="","",IF(AE45>16,"A",IF(AE45>5,"M",IF(AE45>2,"B","R")))) -> B | AG45: / | AH45: / | AI45: / | AJ45: / | AK45: / | AL45: / | AM45: / | AN45: / | AO45: / | AP45: / | AQ45: / | AR45: / | AS45: / | AT45: Elenco degli acquisti effettuati in urgenza | AU45: Semestrale | AV45: Responsabile gare
A46: II | B46: Affidamento di beni, servizi e lavori | C46: Gestione subappalti ed avvalimenti | D46: Omesso controllo ovvero mancata applicazione delle disposizioni vigenti in materia di autorizzazione del sub-appalto al fine di agevolare un determinato concorrente | F46: RUP | G46: =+G45 -> Fornitori | H46: SI | I46: >B | J46: NO | K46: SI | L46: 1 | M46: 5 | N46: 3 | O46: 1 | P46: 5 | Q46: =(L46*L$1)+(M46*M$1)+(N46*N$1)+(O46*O$1)+(P46*P$1) -> 2.2 | R46: 3 | S46: 5 | T46: =(R46*$R$1)+(S46*$S$1) -> 4 | U46: =Q46*T46 -> 8.8 | V46: =IF(U46="","",IF(U46>16,"A",IF(U46>5,"M",IF(U46>2,"B","R")))) -> M | Y46: / | Z46: 6 | AA46: 0 | AB46: X | AC46: Autodichiarazione | AD46: 4 | AE46: =IF(U46-AD46>0.1,U46-AD46,IF(U46-AD46<=0.1,0.1)) -> 4.8 | AF46: =IF(AE46="","",IF(AE46>16,"A",IF(AE46>5,"M",IF(AE46>2,"B","R")))) -> B | AG46: / | AH46: / | AI46: / | AJ46: / | AK46: / | AL46: / | AM46: / | AN46: / | AO46: / | AP46: / | AQ46: / | AR46: / | AS46: / | AT46: Elenco dei subappalti | AU46: Semestrale | AV46: Responsabile gare
A47: II | B47: Affidamento di beni, servizi e lavori | C47: Verifica corretta esecuzione dei lavori | D47: Autorizzare lavori non eseguiti ovvero eseguiti difformemente rispetto a quanto concordato al fine di agevolare il concorrente | F47: RUP DEC DL | G47: =+G37 -> Collettività | H47: SI | I47: >B | J47: NO | K47: SI | L47: 3 | M47: 5 | N47: 3 | O47: 1 | P47: 5 | Q47: =(L47*L$1)+(M47*M$1)+(N47*N$1)+(O47*O$1)+(P47*P$1) -> 3 | R47: 2 | S47: 5 | T47: =(R47*$R$1)+(S47*$S$1) -> 3.5 | U47: =Q47*T47 -> 10.5 | V47: =IF(U47="","",IF(U47>16,"A",IF(U47>5,"M",IF(U47>2,"B","R")))) -> M | X47: =+X43 | Y47: / | Z47: 8 | AA47: 0 | AB47: X | AC47: =+AC48 -> Certificati regolare esecuzione e modulistica / verifica | AD47: 7 | AE47: =IF(U47-AD47>0.1,U47-AD47,IF(U47-AD47<=0.1,0.1)) -> 3.5 | AF47: =IF(AE47="","",IF(AE47>16,"A",IF(AE47>5,"M",IF(AE47>2,"B","R")))) -> B | AG47: / | AH47: / | AI47: / | AJ47: / | AK47: Introduzione di schede a dimostrazione del coerente svolgimento dell'attività da parte dell'appaltatore professionista (Amministratore Unicotodichiarazione da parte del DEC) | AL47: / | AM47: / | AN47: / | AO47: / | AP47: / | AQ47: / | AR47: / | AS47: /
A48: II | B48: Affidamento di beni, servizi e lavori | C48: Verifica corretta esecuzione dei servizi | D48: Autorizzare servizi non eseguiti ovvero eseguiti difformemente rispetto a quanto concordato al fine di agevolare il concorrente | F48: RUP DEC | G48: =+G47 -> Collettività | H48: SI | I48: >B | J48: NO | K48: SI | L48: 3 | M48: 5 | N48: 3 | O48: 1 | P48: 5 | Q48: =(L48*L$1)+(M48*M$1)+(N48*N$1)+(O48*O$1)+(P48*P$1) -> 3 | R48: 4 | S48: 5 | T48: =(R48*$R$1)+(S48*$S$1) -> 4.5 | U48: =Q48*T48 -> 13.5 | V48: =IF(U48="","",IF(U48>16,"A",IF(U48>5,"M",IF(U48>2,"B","R")))) -> M | X48: =+X47 | Y48: / | Z48: 8 | AA48: 0 | AB48: X | AC48: Certificati regolare esecuzione e modulistica / verifica | AD48: 7 | AE48: =IF(U48-AD48>0.1,U48-AD48,IF(U48-AD48<=0.1,0.1)) -> 6.5 | AF48: =IF(AE48="","",IF(AE48>16,"A",IF(AE48>5,"M",IF(AE48>2,"B","R")))) -> M | AG48: / | AH48: / | AI48: / | AJ48: / | AK48: =+AK47 -> Introduzione di schede a dimostrazione del coerente svolgimento dell'attività da parte dell'appaltatore professionista (Amministratore Unicotodichiarazione da parte del DEC) | AL48: / | AM48: / | AN48: / | AO48: / | AP48: / | AQ48: / | AR48: / | AS48: /
A49: II | B49: Affidamento di beni, servizi e lavori | C49: Verifica corretta esecuzione fornitura dei beni | D49: Autorizzare forniture non eseguite ovvero eseguite difformemente rispetto a quanto concordato al fine di agevolare il concorrente | F49: =+F48 -> RUP DEC | G49: =+G48 -> Collettività | H49: SI | I49: >B | J49: NO | K49: SI | L49: 3 | M49: 5 | N49: 3 | O49: 1 | P49: 5 | Q49: =(L49*L$1)+(M49*M$1)+(N49*N$1)+(O49*O$1)+(P49*P$1) -> 3 | R49: 3 | S49: 5 | T49: =(R49*$R$1)+(S49*$S$1) -> 4 | U49: =Q49*T49 -> 12 | V49: =IF(U49="","",IF(U49>16,"A",IF(U49>5,"M",IF(U49>2,"B","R")))) -> M | X49: =+X48 | Y49: / | Z49: 8 | AA49: 0 | AB49: X | AC49: =+AC48 -> Certificati regolare esecuzione e modulistica / verifica | AD49: 7 | AE49: =IF(U49-AD49>0.1,U49-AD49,IF(U49-AD49<=0.1,0.1)) -> 5 | AF49: =IF(AE49="","",IF(AE49>16,"A",IF(AE49>5,"M",IF(AE49>2,"B","R")))) -> B | AG49: / | AH49: / | AI49: / | AJ49: / | AK49: =+AK48 -> Introduzione di schede a dimostrazione del coerente svolgimento dell'attività da parte dell'appaltatore professionista (Amministratore Unicotodichiarazione da parte del DEC) | AL49: / | AM49: / | AN49: / | AO49: / | AP49: / | AQ49: / | AR49: / | AS49: /
A50: IV | B50: Processi finalizzati all'adozione di provvedimenti ampliativi della sfera giuridica dei destinatari con effetto economico diretto ed immediato per il destinatario | C50: Gestione omaggi ricevuti ed erogati | D50: - Ricezione di omaggi quale scambio di utilità per favorire un determinato soggetto (es. nell'aggiudicazione di affidamenti, in fase di assunzione o per altro atto) - Rischio che le elergizioni di omaggi siano rivolte a pubblici ufficiali o incaricati di pubblico servizio ovvero a soggetti privati che hanno rapporti diretti con la Società, allo scopo esclusivo di alterarne significativamente l’indipendenza di giudizio | F50: Tutti | G50: =+G49 -> Collettività | H50: SI (in alcuni casi, es fornitori, consulenti) | I50: >B | J50: SI (in alcuni casi, es. rappresentanti della PA) | K50: SI | L50: 1 | M50: 3 | N50: 3 | O50: 1 | P50: 5 | Q50: =(L50*L$1)+(M50*M$1)+(N50*N$1)+(O50*O$1)+(P50*P$1) -> 1.8 | R50: 1 | S50: 5 | T50: =(R50*$R$1)+(S50*$S$1) -> 3 | U50: =Q50*T50 -> 5.4 | V50: =IF(U50="","",IF(U50>16,"A",IF(U50>5,"M",IF(U50>2,"B","R")))) -> M | Y50: / | Z50: 5 | AA50: 0 | AC50: Codice di comportamento | AD50: 2 | AE50: =IF(U50-AD50>0.1,U50-AD50,IF(U50-AD50<=0.1,0.1)) -> 3.4 | AF50: =IF(AE50="","",IF(AE50>16,"A",IF(AE50>5,"M",IF(AE50>2,"B","R")))) -> B
A51: V-VI | B51: Gestione finanziaria | C51: Pianificazione di medio - lungo termine di entrate ed uscite | D51: Assenza o inaffidabilità di uno strumento di pianaificazione | F51: AU RA | G51: =+G50 -> Collettività | J51: =+J49 -> NO | L51: 1 | M51: 5 | N51: 3 | O51: 1 | Q51: =(L51*L$1)+(M51*M$1)+(N51*N$1)+(O51*O$1)+(P51*P$1) -> 2.2 | R51: 4 | S51: 1 | T51: =(R51*$R$1)+(S51*$S$1) -> 2.5 | U51: =Q51*T51 -> 5.5 | V51: =IF(U51="","",IF(U51>16,"A",IF(U51>5,"M",IF(U51>2,"B","R")))) -> M | AC51: piano | AD51: 2 | AE51: =IF(U51-AD51>0.1,U51-AD51,IF(U51-AD51<=0.1,0.1)) -> 3.5 | AF51: =IF(AE51="","",IF(AE51>16,"A",IF(AE51>5,"M",IF(AE51>2,"B","R")))) -> B
A52: V-VI | B52: Gestione finanziaria | C52: Programmazione di breve e brevissimo termine di entrate ed uscite | D52: Assenza o inaffidabilità di uno strumento di programmazione | F52: =+F51 -> AU RA | G52: =+G51 -> Collettività | J52: =+J51 -> NO | L52: 1 | M52: 5 | N52: 3 | O52: 1 | Q52: =(L52*L$1)+(M52*M$1)+(N52*N$1)+(O52*O$1)+(P52*P$1) -> 2.2 | R52: 4 | S52: 1 | T52: =(R52*$R$1)+(S52*$S$1) -> 2.5 | U52: =Q52*T52 -> 5.5 | V52: =IF(U52="","",IF(U52>16,"A",IF(U52>5,"M",IF(U52>2,"B","R")))) -> M | AC52: preventivo | AD52: 2 | AE52: =IF(U52-AD52>0.1,U52-AD52,IF(U52-AD52<=0.1,0.1)) -> 3.5 | AF52: =IF(AE52="","",IF(AE52>16,"A",IF(AE52>5,"M",IF(AE52>2,"B","R")))) -> B
A53: V-VI | B53: Gestione finanziaria | C53: Rapporti con Comune di Selvino - Emissione ed incasso fatture attive | D53: Pur nell'ambito del rapporto in house, eccessiva acquiescenza agli interessi del Comune, in danno della Società | F53: AU RT RA | G53: =+G52 -> Collettività | J53: SI | L53: 3 | M53: 3 | N53: 3 | O53: 1 | Q53: =(L53*L$1)+(M53*M$1)+(N53*N$1)+(O53*O$1)+(P53*P$1) -> 2.6 | R53: 2 | S53: 1 | T53: =(R53*$R$1)+(S53*$S$1) -> 1.5 | U53: =Q53*T53 -> 3.9 | V53: =IF(U53="","",IF(U53>16,"A",IF(U53>5,"M",IF(U53>2,"B","R")))) -> B | AD53: 1 | AE53: =IF(U53-AD53>0.1,U53-AD53,IF(U53-AD53<=0.1,0.1)) -> 2.9 | AF53: =IF(AE53="","",IF(AE53>16,"A",IF(AE53>5,"M",IF(AE53>2,"B","R")))) -> B
A54: V-VI | B54: Gestione finanziaria | C54: Pagamento fatture passive | D54: - Pagamenti a fronte di acquisti inesistenti al fine di agevolare un fornitore - Pagamenti per ammontari superiori al valore della fattura effettiva al fine di agevolare un fornitore - Avvantaggiare un fornitore nei tempi di pagamento | F54: AU RA | G54: =+G53 -> Collettività | H54: SI | I54: >B | J54: NO | K54: SI | L54: 1 | M54: 5 | N54: 3 | O54: 1 | P54: 5 | Q54: =(L54*L$1)+(M54*M$1)+(N54*N$1)+(O54*O$1)+(P54*P$1) -> 2.2 | R54: 2 | S54: 4 | T54: =(R54*$R$1)+(S54*$S$1) -> 3 | U54: =Q54*T54 -> 6.6 | V54: =IF(U54="","",IF(U54>16,"A",IF(U54>5,"M",IF(U54>2,"B","R")))) -> M | Y54: / | Z54: 8 | AA54: 0 | AB54: X | AC54: scadenziario pagamenti | AD54: 1 | AE54: =IF(U54-AD54>0.1,U54-AD54,IF(U54-AD54<=0.1,0.1)) -> 5.6 | AF54: =IF(AE54="","",IF(AE54>16,"A",IF(AE54>5,"M",IF(AE54>2,"B","R")))) -> M | AG54: / | AH54: / | AI54: / | AJ54: / | AK54: Potenziamento del sistema informativo contabile / finanziario | AL54: / | AM54: / | AN54: / | AO54: / | AP54: / | AQ54: / | AR54: / | AS54: / | AT54: Elenco delle fatture pagate in assenza della verifica della corretta esecuzione | AU54: Semestrale | AV54: Responsabile AFC
A55: V-VI | B55: Gestione finanziaria | C55: Gestione della cassa economale | D55: - Pagamenti in contanti a fronte di acquisti inesistenti per avvantaggiare un determinato fornitore - Appropriazione di denaro aziendale | F55: RA | G55: =+G54 -> Collettività | H55: SI (nel caso di fornitori) | I55: B | J55: NO | K55: SI | L55: 1 | M55: 5 | N55: 3 | O55: 1 | P55: 3 | Q55: =(L55*L$1)+(M55*M$1)+(N55*N$1)+(O55*O$1)+(P55*P$1) -> 2.2 | R55: 1 | S55: 1 | T55: =(R55*$R$1)+(S55*$S$1) -> 1 | U55: =Q55*T55 -> 2.2 | V55: =IF(U55="","",IF(U55>16,"A",IF(U55>5,"M",IF(U55>2,"B","R")))) -> B | Y55: / | Z55: 9 | AA55: 0 | AD55: 0 | AE55: =IF(U55-AD55>0.1,U55-AD55,IF(U55-AD55<=0.1,0.1)) -> 2.2 | AF55: =IF(AE55="","",IF(AE55>16,"A",IF(AE55>5,"M",IF(AE55>2,"B","R")))) -> B | AG55: / | AH55: / | AI55: / | AJ55: / | AK55: =+AK54 -> Potenziamento del sistema informativo contabile / finanziario | AL55: / | AM55: / | AN55: / | AO55: / | AP55: / | AQ55: / | AR55: / | AS55: / | AT55: N. di casi di pagamenti in contanti per importi superiori al limite definito nella procedura finanziaria | AU55: Semestrale | AV55: Responsabile AFC | AW55: Opportunità di regolamento
A56: V-VI | B56: Gestione finanziaria | C56: Gestione di carta di debito | D56: - Mancata evidenziazione di spese non ammissibili - Appropriazione di denaro aziendale | E56: Al momento AMIAS non gestisce carte | F56: AU RA | G56: =+G55 -> Collettività | H56: SI (nel caso di fornitori) | I56: B | J56: NO | K56: SI | L56: 0 | M56: 0 | N56: 0 | O56: 0 | P56: 3 | Q56: =(L56*L$1)+(M56*M$1)+(N56*N$1)+(O56*O$1)+(P56*P$1) -> 0 | R56: 0 | S56: 0 | T56: =(R56*$R$1)+(S56*$S$1) -> 0 | U56: =Q56*T56 -> 0 | V56: =IF(U56="","",IF(U56>16,"A",IF(U56>5,"M",IF(U56>2,"B","R")))) -> R | Y56: / | Z56: 9 | AA56: 0 | AD56: 4 | AE56: =IF(U56-AD56>0.1,U56-AD56,IF(U56-AD56<=0.1,0.1)) -> 0.1 | AF56: =IF(AE56="","",IF(AE56>16,"A",IF(AE56>5,"M",IF(AE56>2,"B","R")))) -> R | AG56: / | AH56: / | AI56: / | AJ56: / | AK56: Verifica da parte del RPCT | AL56: / | AM56: / | AN56: / | AO56: / | AP56: / | AQ56: / | AR56: / | AS56: /
A57: V-VI | B57: Gestione finanziaria | C57: Individuazione degli istituti di credito e gestione di affidamenti di breve e lungo termine | D57: - Favorire un determinato istituto a mezzo dei comportamenti sopra esemplificati per le gare di appalto | F57: AU RA | G57: Istituti finanziari | H57: SI | I57: B | J57: NO | K57: SI | L57: 1 | M57: 3 | N57: 3 | O57: 1 | P57: 3 | Q57: =(L57*L$1)+(M57*M$1)+(N57*N$1)+(O57*O$1)+(P57*P$1) -> 1.8 | R57: 2 | S57: 2 | T57: =(R57*$R$1)+(S57*$S$1) -> 2 | U57: =Q57*T57 -> 3.6 | V57: =IF(U57="","",IF(U57>16,"A",IF(U57>5,"M",IF(U57>2,"B","R")))) -> B | Y57: / | Z57: 10 | AA57: 0 | AD57: 0 | AE57: =IF(U57-AD57>0.1,U57-AD57,IF(U57-AD57<=0.1,0.1)) -> 3.6 | AF57: =IF(AE57="","",IF(AE57>16,"A",IF(AE57>5,"M",IF(AE57>2,"B","R")))) -> B | AG57: / | AH57: / | AI57: / | AJ57: / | AK57: / | AL57: / | AM57: / | AN57: / | AO57: / | AP57: / | AQ57: / | AR57: / | AS57: /
A58: =+A56 -> V-VI | B58: =+B57 -> Gestione finanziaria | C58: Sostenimento spese di rappresentanza | D58: - Erogazione della spesa di rappresentanza per finalità personali e non per motivi legati all'attività istituzionale - Rischio che elargizioni siano rivolte a pubblici ufficiali o incaricati di pubblico servizio ovvero a soggetti privati che hanno rapporti diretti con la Società, allo scopo esclusivo di alterarne significativamente l’indipendenza di giudizio | F58: AU RA | G58: =+G56 -> Collettività | H58: SI (in alcuni casi, es fornitori, consulenti) | I58: >B | J58: SI (in alcuni casi, es. rappresentanti della PA) | K58: SI | L58: 1 | M58: 5 | N58: 3 | O58: 1 | P58: 5 | Q58: =(L58*L$1)+(M58*M$1)+(N58*N$1)+(O58*O$1)+(P58*P$1) -> 2.2 | R58: 1 | S58: 5 | T58: =(R58*$R$1)+(S58*$S$1) -> 3 | U58: =Q58*T58 -> 6.6 | V58: =IF(U58="","",IF(U58>16,"A",IF(U58>5,"M",IF(U58>2,"B","R")))) -> M | Y58: / | Z58: 5 | AA58: 0 | AC58: Codice di comportamento | AD58: 2 | AE58: =IF(U58-AD58>0.1,U58-AD58,IF(U58-AD58<=0.1,0.1)) -> 4.6 | AF58: =IF(AE58="","",IF(AE58>16,"A",IF(AE58>5,"M",IF(AE58>2,"B","R")))) -> B | AG58: / | AH58: / | AI58: / | AJ58: / | AK58: / | AL58: / | AM58: / | AN58: / | AO58: / | AP58: / | AQ58: / | AR58: / | AS58: / | AW58: =+AW55 -> Opportunità di regolamento
A59: VII | B59: Gestione patrimonio | C59: Autorizzazioni, accessi, controlli all'uso di hardware e di applicativi software, nonché di telefoni cellulari | D59: - Utilizzo di hardware / software / cellulari per fini personali - Agevolazione indebita di un dipendente in occasione dell'assegnazione di cellulari, di hardware e della gestione dell'autorizzazione e dell'accesso ad applicativi aziendali - Indebito accesso di dipendenti non autorizzati a determinate partizioni di sistemi informativi | F59: AU RT RA | G59: =+G58 -> Collettività | H59: NO | I59: NO | J59: NO | K59: SI | L59: 1 | M59: 3 | N59: 3 | O59: 1 | P59: 1 | Q59: =(L59*L$1)+(M59*M$1)+(N59*N$1)+(O59*O$1)+(P59*P$1) -> 1.8 | R59: 3 | S59: 2 | T59: =(R59*$R$1)+(S59*$S$1) -> 2.5 | U59: =Q59*T59 -> 4.5 | V59: =IF(U59="","",IF(U59>16,"A",IF(U59>5,"M",IF(U59>2,"B","R")))) -> B | W59: X | Y59: / | Z59: 5 | AA59: 0 | AD59: 2 | AE59: =IF(U59-AD59>0.1,U59-AD59,IF(U59-AD59<=0.1,0.1)) -> 2.5 | AF59: =IF(AE59="","",IF(AE59>16,"A",IF(AE59>5,"M",IF(AE59>2,"B","R")))) -> B | AG59: / | AH59: / | AI59: / | AJ59: / | AK59: Verifica da parte del RPCT | AL59: / | AM59: / | AN59: / | AO59: / | AP59: / | AQ59: / | AR59: / | AS59: /
A60: VII | B60: =+B59 -> Gestione patrimonio | C60: Autorizzazione, accessi, controlli all'uso di mezzi di trasporto aziendale e rifornimento carburante | D60: - Utilizzo per fini personali di un mezzo aziendale ed effettuazione di rifornimenti di carburante per fini non legati all'attività lavorativa - Agevolazione indebita di un dipendente in relazione all'utilizzo dei mezzi aziendali | F60: =+F59 -> AU RT RA | G60: =+G59 -> Collettività | H60: NO | I60: NO | J60: NO | K60: SI | L60: 1 | M60: 3 | N60: 3 | O60: 1 | P60: 1 | Q60: =(L60*L$1)+(M60*M$1)+(N60*N$1)+(O60*O$1)+(P60*P$1) -> 1.8 | R60: 3 | S60: 2 | T60: =(R60*$R$1)+(S60*$S$1) -> 2.5 | U60: =Q60*T60 -> 4.5 | V60: =IF(U60="","",IF(U60>16,"A",IF(U60>5,"M",IF(U60>2,"B","R")))) -> B | W60: X | Y60: / | Z60: 5 | AA60: 0 | AD60: 2 | AE60: =IF(U60-AD60>0.1,U60-AD60,IF(U60-AD60<=0.1,0.1)) -> 2.5 | AF60: =IF(AE60="","",IF(AE60>16,"A",IF(AE60>5,"M",IF(AE60>2,"B","R")))) -> B | AG60: / | AH60: / | AI60: / | AJ60: / | AK60: =+AK59 -> Verifica da parte del RPCT | AL60: / | AM60: / | AN60: / | AO60: / | AP60: / | AQ60: / | AR60: / | AS60: / | AW60: =+AW29 -> Opportunità effettuazione verifiche in campo
A61: VII | B61: =+B60 -> Gestione patrimonio | C61: Gestione degli altri beni aziendali (arredi, materiali a magazzino ecc) | D61: - Sottrazione, per fini personali, di beni aziendali o in dotazione al singolo dipendente | F61: =+F60 -> AU RT RA | G61: =+G60 -> Collettività | H61: NO | I61: NO | J61: NO | K61: SI | L61: 1 | M61: 3 | N61: 3 | O61: 1 | P61: 1 | Q61: =(L61*L$1)+(M61*M$1)+(N61*N$1)+(O61*O$1)+(P61*P$1) -> 1.8 | R61: 3 | S61: 2 | T61: =(R61*$R$1)+(S61*$S$1) -> 2.5 | U61: =Q61*T61 -> 4.5 | V61: =IF(U61="","",IF(U61>16,"A",IF(U61>5,"M",IF(U61>2,"B","R")))) -> B | Y61: / | Z61: 5 | AA61: 0 | AD61: 0 | AE61: =IF(U61-AD61>0.1,U61-AD61,IF(U61-AD61<=0.1,0.1)) -> 4.5 | AF61: =IF(AE61="","",IF(AE61>16,"A",IF(AE61>5,"M",IF(AE61>2,"B","R")))) -> B | AG61: / | AH61: / | AI61: / | AJ61: / | AK61: =+AK60 -> Verifica da parte del RPCT | AL61: / | AM61: / | AN61: / | AO61: / | AP61: / | AQ61: / | AR61: / | AS61: /
A62: VII | B62: =+B61 -> Gestione patrimonio | C62: Gestione degli inventari fisici | D62: - Scorretto svolgimento delle operazioni di inventariazione | F62: =+F61 -> AU RT RA | G62: =+G61 -> Collettività | H62: NO | I62: NO | J62: NO | K62: SI | L62: 1 | M62: 5 | N62: 3 | O62: 1 | P62: 1 | Q62: =(L62*L$1)+(M62*M$1)+(N62*N$1)+(O62*O$1)+(P62*P$1) -> 2.2 | R62: 1 | S62: 1 | T62: =(R62*$R$1)+(S62*$S$1) -> 1 | U62: =Q62*T62 -> 2.2 | V62: =IF(U62="","",IF(U62>16,"A",IF(U62>5,"M",IF(U62>2,"B","R")))) -> B | Y62: / | Z62: 5 | AA62: 0 | AD62: 0 | AE62: =IF(U62-AD62>0.1,U62-AD62,IF(U62-AD62<=0.1,0.1)) -> 2.2 | AF62: =IF(AE62="","",IF(AE62>16,"A",IF(AE62>5,"M",IF(AE62>2,"B","R")))) -> B | AG62: / | AH62: / | AI62: / | AJ62: / | AK62: =+AK61 -> Verifica da parte del RPCT | AL62: / | AM62: / | AN62: / | AO62: / | AP62: / | AQ62: / | AR62: / | AS62: /
A63: VII | B63: =+B62 -> Gestione patrimonio | C63: Rapporto con il gestore della Funivia Albino - Selvino | D63: - Comportamenti volti a favorire indebitamente il gestore in danno di AMIAS | F63: AU | G63: =+G62 -> Collettività | J63: SI | L63: 1 | M63: 3 | N63: 3 | O63: 1 | Q63: =(L63*L$1)+(M63*M$1)+(N63*N$1)+(O63*O$1)+(P63*P$1) -> 1.8 | R63: 2 | S63: 2 | T63: =(R63*$R$1)+(S63*$S$1) -> 2 | U63: =Q63*T63 -> 3.6 | V63: =IF(U63="","",IF(U63>16,"A",IF(U63>5,"M",IF(U63>2,"B","R")))) -> B | AC63: Contratto | AD63: 1 | AE63: =IF(U63-AD63>0.1,U63-AD63,IF(U63-AD63<=0.1,0.1)) -> 2.6 | AF63: =IF(AE63="","",IF(AE63>16,"A",IF(AE63>5,"M",IF(AE63>2,"B","R")))) -> B
A64: VIII | B64: Gestione controlli, verifiche, ispezioni e sanzioni da Pubbliche amministrazioni ed Enti terzi | C64: =+B64 -> Gestione controlli, verifiche, ispezioni e sanzioni da Pubbliche amministrazioni ed Enti terzi | D64: Offerta di denaro o altra utilità da / a favore di Pubblici Ufficiali o incaricati di pubblico servizio per indirizzare indebitamente gli esiti delle verifiche ispettive | F64: AU e delegati | G64: =+G63 -> Collettività | J64: SI | L64: 1 | M64: 5 | N64: 3 | O64: 1 | Q64: =(L64*L$1)+(M64*M$1)+(N64*N$1)+(O64*O$1)+(P64*P$1) -> 2.2 | R64: 3 | S64: 4 | T64: =(R64*$R$1)+(S64*$S$1) -> 3.5 | U64: =Q64*T64 -> 7.7 | V64: =IF(U64="","",IF(U64>16,"A",IF(U64>5,"M",IF(U64>2,"B","R")))) -> M | AC64: Codice etico | AD64: 2 | AE64: =IF(U64-AD64>0.1,U64-AD64,IF(U64-AD64<=0.1,0.1)) -> 5.7 | AF64: =IF(AE64="","",IF(AE64>16,"A",IF(AE64>5,"M",IF(AE64>2,"B","R")))) -> M
A65: VIII | B65: Gestione dei rapporti con la Pubblica Amministrazione | C65: Finanziamenti agevolati / contributi in conto capitale o di esercizio ottenuti da Comune / Regione / UE / altri soggetti | D65: Offerta di denaro o altra utilità a favore di Pubblici Ufficiali o incaricati di pubblico servizio per favorire indebitamente la Società nell'ottenimento di contributi | F65: =+F64 -> AU e delegati | G65: =+G64 -> Collettività | J65: SI | L65: 1 | M65: 3 | N65: 3 | O65: 1 | Q65: =(L65*L$1)+(M65*M$1)+(N65*N$1)+(O65*O$1)+(P65*P$1) -> 1.8 | R65: 1 | S65: 2 | T65: =(R65*$R$1)+(S65*$S$1) -> 1.5 | U65: =Q65*T65 -> 2.7 | V65: =IF(U65="","",IF(U65>16,"A",IF(U65>5,"M",IF(U65>2,"B","R")))) -> B | AD65: 0 | AE65: =IF(U65-AD65>0.1,U65-AD65,IF(U65-AD65<=0.1,0.1)) -> 2.7 | AF65: =IF(AE65="","",IF(AE65>16,"A",IF(AE65>5,"M",IF(AE65>2,"B","R")))) -> B
A66: IX | B66: Incarichi e nomine | C66: Nomina Organo Amministrativo e determinazione compensi | D66: - Nomina di un soggetto in quanto specificatamente indicato da una controparte quale scambio di utilità ovvero a seguito di accordo illecito con il diretto interessato - Mancato svolgimento delle verifiche necessarie in tema di inconferibilità e incompatibilità | F66: RPCT AU | G66: Candidati per la nomina | H66: NO | I66: NO | J66: NO | K66: SI | L66: 1 | M66: 1 | N66: 3 | O66: 1 | P66: 1 | Q66: =(L66*L$1)+(M66*M$1)+(N66*N$1)+(O66*O$1)+(P66*P$1) -> 1.4 | R66: 2 | S66: 3 | T66: =(R66*$R$1)+(S66*$S$1) -> 2.5 | U66: =Q66*T66 -> 3.5 | V66: =IF(U66="","",IF(U66>16,"A",IF(U66>5,"M",IF(U66>2,"B","R")))) -> B | Y66: / | Z66: 8 | AA66: 0 | AB66: X | AC66: Autodichiarazione | AD66: 2 | AE66: =IF(U66-AD66>0.1,U66-AD66,IF(U66-AD66<=0.1,0.1)) -> 1.5 | AF66: =IF(AE66="","",IF(AE66>16,"A",IF(AE66>5,"M",IF(AE66>2,"B","R")))) -> R | AG66: / | AH66: / | AI66: / | AJ66: / | AK66: / | AL66: / | AM66: / | AN66: / | AO66: / | AP66: / | AQ66: / | AR66: / | AS66: / | AT66: 1) N. di amministratori di nuova nomina 2) % di dichiarazioni di inconferibilità rilasciate rispetto a quelle richieste dalla normativa vigente 3) % di dichiarazioni di incompatibilità rilasciate rispetto a quelle richieste dalla normativa vigente | AU66: Semestrale | AV66: RPCT
A67: IX | B67: Incarichi e nomine | C67: Nomina Organo di controllo / revisione e determinazione compensi | D67: Nomina di un soggetto in quanto specificatamente indicato da una controparte quale scambio di utilità ovvero a seguito di accordo illecito con il diretto interessato - Mancato svolgimento delle verifiche necessarie in tema di inconferibilità e incompatibilità | F67: RPCT AU | G67: Candidati per la nomina | H67: NO | I67: NO | J67: NO | K67: SI | L67: 1 | M67: 1 | N67: 3 | O67: 1 | P67: 1 | Q67: =(L67*L$1)+(M67*M$1)+(N67*N$1)+(O67*O$1)+(P67*P$1) -> 1.4 | R67: 2 | S67: 3 | T67: =(R67*$R$1)+(S67*$S$1) -> 2.5 | U67: =Q67*T67 -> 3.5 | V67: =IF(U67="","",IF(U67>16,"A",IF(U67>5,"M",IF(U67>2,"B","R")))) -> B | Y67: / | Z67: 7 | AA67: 0 | AB67: X | AC67: =+AC66 -> Autodichiarazione | AD67: 2 | AE67: =IF(U67-AD67>0.1,U67-AD67,IF(U67-AD67<=0.1,0.1)) -> 1.5 | AF67: =IF(AE67="","",IF(AE67>16,"A",IF(AE67>5,"M",IF(AE67>2,"B","R")))) -> R | AG67: / | AH67: / | AI67: / | AJ67: / | AK67: / | AL67: / | AM67: / | AN67: / | AO67: / | AP67: / | AQ67: / | AR67: / | AS67: /
A68: IX | B68: Incarichi e nomine | C68: Nomina Organismo di vigilanza ex DLgs 231 / 2001 e determinazione compensi | D68: Nomina di un soggetto in quanto specificatamente indicato da una controparte quale scambio di utilità ovvero a seguito di accordo illecito con il diretto interessato - Mancato svolgimento delle verifiche necessarie in tema di inconferibilità e incompatibilità | E68: AMIAS al momento non dispone di un modello ex DLgs 231 / 2001 | F68: =+F67 -> RPCT AU | G68: Candidati per la nomina | H68: NO | I68: NO | J68: NO | K68: SI | L68: 0 | M68: 0 | N68: 0 | O68: 0 | P68: 1 | Q68: =(L68*L$1)+(M68*M$1)+(N68*N$1)+(O68*O$1)+(P68*P$1) -> 0 | R68: 0 | S68: 0 | T68: =(R68*$R$1)+(S68*$S$1) -> 0 | U68: =Q68*T68 -> 0 | V68: =IF(U68="","",IF(U68>16,"A",IF(U68>5,"M",IF(U68>2,"B","R")))) -> R | Y68: / | Z68: 7 | AA68: 0 | AD68: 0 | AE68: =IF(U68-AD68>0.1,U68-AD68,IF(U68-AD68<=0.1,0.1)) -> 0.1 | AF68: =IF(AE68="","",IF(AE68>16,"A",IF(AE68>5,"M",IF(AE68>2,"B","R")))) -> R | AG68: / | AH68: / | AI68: / | AJ68: / | AK68: / | AL68: / | AM68: / | AN68: / | AO68: / | AP68: / | AQ68: / | AR68: / | AS68: /
A69: XI | B69: Rapporti fra amministratori pubblici e soggetti privati | C69: Comprtamenti compiacenti a favore di utenti e terzi | D69: Indebiti favori a vantaggio di determinati soggetti esterni (gestione parcheggi, energia elettrica, pubblica illuminazione, spazzamento, gestione verde, manutenzione cimiteriale) | F69: AU | G69: =+G64 -> Collettività | J69: NO | L69: 3 | M69: 5 | N69: 3 | O69: 1 | Q69: =(L69*L$1)+(M69*M$1)+(N69*N$1)+(O69*O$1)+(P69*P$1) -> 3 | R69: 2 | S69: 3 | T69: =(R69*$R$1)+(S69*$S$1) -> 2.5 | U69: =Q69*T69 -> 7.5 | V69: =IF(U69="","",IF(U69>16,"A",IF(U69>5,"M",IF(U69>2,"B","R")))) -> M | AC69: Codice etico | AD69: 2 | AE69: =IF(U69-AD69>0.1,U69-AD69,IF(U69-AD69<=0.1,0.1)) -> 5.5 | AF69: =IF(AE69="","",IF(AE69>16,"A",IF(AE69>5,"M",IF(AE69>2,"B","R")))) -> M

Sheet Guida di valutazione
A1: PROBABILITA' | D1: IMPATTO | G1: VALUTAZIONE DEL RISCHIO | J1: VALUTAZIONE PRESIDI | M1: RATING RISCHIO
A3: PESI AI FATTORI DI PROBABILITA' | D3: PESI AI FATTORI DI IMPATTO | G3: PROBABILITA' X IMPATTO | J3: PRESIDI | M3: Punteggio rischio residuale (0-25) | N3: Rating | O3: Descrizione
A4: =+amias!L1 -> 0.4 | B4: Incidenza economica del processo | D4: =+amias!R1 -> 0.5 | E4: Disfunzionalità organizzative/gestionali | J4: Presenza della componente di controllo | K4: Punteggio | M4: 0 ≤ x ≤ 2 | N4: R | O4: Remoto
A5: =+amias!M1 -> 0.2 | B5: Obblighi legislativi/contrattuali | D5: =+amias!S1 -> 0.5 | E5: Danno reputazionale | J5: Sistema Organizzativo (precisa definizione dei ruoli e delle responsabilità aziendali tramite la formalizzazione di un organigramma, un mansionario, procure, deleghe) | K5: 0-10 | M5: 2 < x ≤ 5 | N5: B | O5: Basso
A6: =+amias!N1 -> 0.2 | B6: Manifestazione di illeciti in passato nel processo sensibile | D6: =D4+D5 -> 1 | E6: TOTALE | J6: Regolamentazione del processo all'interno di procedure, regolamenti, ordini di servizio, istruzioni, ecc… | M6: 5 < x < 17 | N6: M | O6: Medio
A7: =+amias!O1 -> 0.2 | B7: Luoghi e settori in cui opera la Società | J7: Tracciabilità del processo (tramite strumenti cartacei e/o informatici, trasparenza) | M7: ≥ 17 | N7: A | O7: Alto
A8: =SUM(A4:A7) -> 1 | B8: TOTALE | D8: PUNTI | E8: Disfunzionalità organizzative/gestionali | J8: Altro (es. presenza di principi etici di comportamento)
D9: 1 | E9: Nessun danno
D10: 2 | E10: Danno limitato alla singola attività. Importanza modesta/breve durata | J10: RIDUZIONE VALORE PRESIDI
A11: PUNTI | B11: Potenziale incidenza economica del processo (*) | D11: 3 | E11: Danno che si estende all’intero macro-processo/entità considerevole/breve o media durata | J11: Presenza di NC maggiori | K11: 3
A12: 1 | B12: Incidenza economica modesta (fra 0 euro annui e 20.000 euro annui) | D12: 4 | E12: Danno che si estende anche ad altri macro-processi/entità elevata/durata media | J12: Presenza di NC minori | K12: 2
A13: 3 | B13: Incidenza economica significativa (>= 20.000 euro annui e < di 300.000 euro annui) | D13: 5 | E13: Danno che riguarda l’intera azienda/entità eccezionale/durata lunga | J13: Presenza di raccomandazioni | K13: 1
A14: 5 | B14: Incidenza economica molto elevata (>= 300.000 euro annui) | J14: Presenza di segnalazioni ritenute fondate | K14: 2
A15: (*) anche sulla base della contonuità degli effetti nel tempo | D15: PUNTI | E15: Danno reputazionale
A16: PUNTI | B16: Obblighi legislativi/contrattuali | D16: 1 | E16: Nessun danno
A17: 1 | B17: Regolamentazione legislativa e contrattuale chiara e di facile applicazione | D17: 2 | E17: Danno reputazionale non particolarmente significativo e notizia dell’evento diffusa solo tra pochi operatori economici
A18: 3 | B18: Regolamentazione legislativa e contrattuale di non sempre facile interpretazione con difficoltà di applicazione | D18: 3 | E18: Danno reputazionale significativo e notizia dell’evento diffusa solo tra pochi operatori economici/non particolarmente significativo ma notizia dell’evento diffusa su tutto il territorio di riferimento
A19: 5 | B19: Eccessiva regolamentazione, complessità e scarsa chiarezza della normativa di riferimento e difficoltà di applicazione | D19: 4 | E19: Danno reputazione significativo e notizia dell’evento diffusa nel territorio di riferimento
D20: 5 | E20: Danno reputazionale in grado di minare irreparabilmente l’immagine aziendale verso gli stakeholders e il territorio di riferimento
A21: PUNTI | B21: Manifestazione di illeciti in passato nel processo sensibile
A22: 1 | B22: Nessun evento illecito emerso in passato né a carico della Società né a carico di dipendenti, Direttori generali e Amministratori
A23: 3 | B23: Eventi illeciti emersi in passato conclusi con esito positivo per la Società ovvero per Amministratori, Direttori generali e dipendenti ovvero eventi con processo in corso e sentenza non ancora pronunciata
A24: 5 | B24: Eventi illeciti emersi in passato conclusi con sentenza di condanna per la Società o per Amministratori, Direttori generali e dipendenti
A26: PUNTI | B26: Luoghi e settori in cui opera la Società
A27: 1 | B27: Luoghi e settori poco rischiosi
A28: 3 | B28: Luoghi e settori mediamente rischiosi
A29: 5 | B29: Luoghi e settori altamente rischiosi
A31: PUNTI | B31: Interazione con soci in affari
A32: 1 | B32: Assenza di soci in affari
A33: 3 | B33: Soci in affari a rischio basso (Istituto finanziario, utenti tariffa, fornitori di acquisti in contanti e con carta di credito)
A34: 5 | B34: Soci in affari a rischio medio/alto (Società esterna di selezione del personale, Agenzia per il lavoro, Consulenti, Fornitori, Subappaltatori, SOL, Comuni soci, Beneficiari delle sponsorizzazioni, contributi ed erogazioni liberali, ATO Toscana costa)
